Workbook

Sheet Resumo
A11: RESUMO DA PLANILHA DE ORÇAMENTOS DE PROJETOS E OBRAS
A12: UFF- INSTITUTO DE ARTES E COMUNICAÇÃO SOCIAL - IACS | D12: PROCESSO: 23069.163323/2021/57
A13: LOCAL: Rua Prof. Lara Vilela, 126 - São Domingos, Niterói | D13: ARTs 13076784
A14: NOME DA OBRA: IACS | D14: BDI | E14: BDI EQUIP. | F14: SIAPE | G14: DATA | H14: REVISÃO
A15: BASE DE DADOS: BASES SINAPI , SBC ,EMOP , SCO /MÊS DE REFERÊNCIA DEZEMBRO/25 -ESTADO RJ - REGIME TRIBUTÁRIO : NÃO DESONERADO | D15: 0.2627 | E15: 0 | F15: 0000000 | G15: 46037 | H15: R04
A16: RESUMO
A17: Item | B17: Descrição | H17: Total | I17: Peso (%)
A18: 1 | B18: PROJETOS | H18: 2274.17 | I18: 0.0022365423
A19: 2 | B19: GERENCIAMENTO DE OBRAS / FISCALIZAÇÃO | H19: 115391.25 | I19: 0.11348202
A20: 3 | B20: SERVIÇOS PRELIMINARES | H20: 67176.47 | I20: 0.066064989
A21: 4 | B21: MOVIMENTO DE TERRA/BANCO DE DUTOS/CAIXAS SUBTERRANEAS | H21: 17834.09 | I21: 0.017539013
A22: 5 | B22: INFRAESTRUTURA: FUNDAÇÕES SIMPLES (OU DIRETAS ) | H22: 4106.45 | I22: 0.004038506
A23: 6 | B23: SUPERESTRUTURA | H23: 5541.7 | I23: 0.0054500088
A24: 7 | B24: ALVENARIA | H24: 2393.98 | I24: 0.00235437
A25: 8 | B25: ESQUADRIAS | H25: 57765.9 | I25: 0.056810124
A26: 9 | B26: INSTALAÇÕES ELÉTRICAS E SPDA | H26: 184404.65 | I26: 0.18135355
A27: 10 | B27: INSTALAÇOES DE COMBATE À INCÊNDIO | H27: 415192.86 | I27: 0.40832321
A28: 11 | B28: IMPERMEABILIZAÇÃO, ISOLAMENTO TÉRMICO E ACÚSTICO | H28: 1101.01 | I28: 0.001082793
A29: 12 | B29: PISO | H29: 30315.8 | I29: 0.029814204
... A33: 16 | B33: SERVIÇOS COMPLEMENTARES | H33: 19204.01 | I33: 0.018886267
E35: Total sem BDI | G35: 805360.96
E36: Total do BDI | G36: 211463.09
E37: Total Geral | G37: 1016824.1
A39: _______________________________________________________________ OTAVIANO CARAN Sócio/CEO/Proprietário

Sheet Planilha
A11: PLANILHA DE ORÇAMENTOS DE PROJETOS E OBRAS - SINTÉTICA
A12: =Resumo!A12 -> UFF- INSTITUTO DE ARTES E COMUNICAÇÃO SOCIAL - IACS | E12: =Resumo!D12 -> PROCESSO: 23069.163323/2021/57
A13: =Resumo!A13 -> LOCAL: Rua Prof. Lara Vilela, 126 - São Domingos, Niterói | E13: =Resumo!D13 -> ARTs 13076784
A14: =Resumo!A14 -> NOME DA OBRA: IACS | E14: =Resumo!D14 -> BDI | F14: =Resumo!E14 -> BDI EQUIP. | G14: =Resumo!F14 -> SIAPE | H14: =Resumo!G14 -> DATA | I14: =Resumo!H14 -> REVISÃO
A15: =Resumo!A15 -> BASE DE DADOS: BASES SINAPI , SBC ,EMOP , SCO /MÊS DE REFERÊNCIA DEZEMBRO/25 -ESTADO RJ - REGIME TRIBUTÁRIO : NÃO DESONERADO | E15: =Resumo!D15 -> 0.2627 | F15: =Resumo!E15 -> 0 | G15: =Resumo!F15 -> 0000000 | H15: =Resumo!G15 -> 46037 | I15: =Resumo!H15 -> R04
A16: ITEM | B16: CÓDIGO | C16: BASE DE DADOS | D16: DESCRIÇÃO | E16: UNIDADE | F16: QUANTIDADE | G16: CUSTO UNITÁRIO | H16: PREÇO UNIT c/ BDI | I16: PREÇO TOTAL | K16: DESCONTO OFERTADO
A17: 1 | D17: PROJETOS | I17: 2274.17 | J17: 0.0022365423
A18: 1.1 | B18: 1082-01.050.0840-1 | C18: Próprio | D18: PROJETO DE AS BUILT DE INSTALACAO DE INCENDIO E SPDA PARA PR EDIOS ESCOLARES E/OU ADMINISTRATIVOS ATE 500M2,APRESENTADO NOS PADROES DA CONTRATANTE 9%-DESPESAS ADMINISTRATIVAS E DE MATERIAIS | E18: m² | F18: 500 | G18: 0.96 | H18: 1.21 | I18: 605 | J18: 0.00059498986 | K18: =$I$264 -> 0 | L18: =I18-(I18*K18) -> 605
A19: 1.2 | B19: 1082-01.050.0841-0 | C19: Próprio | D19: PROJETO DE AS BUILT DE INSTALACAO DE INCENDIO E SPDA PARA PR EDIOS ESCOLARES E/OU ADMINISTRATIVOS DE 501 ATE 3000M2,APRES ENTADO NOS PADROES DA CONTRATANTE 9%-DESPESAS ADMINISTRATIVAS E DE MATERIAIS | E19: m² | F19: 2500 | G19: 0.52 | H19: 0.65 | I19: 1625 | J19: 0.0015981133 | K19: =$I$264 -> 0 | L19: =I19-(I19*K19) -> 1625
A20: 1.3 | B20: 1082-01.050.0842-0 | C20: Próprio | D20: PROJETO DE AS BUILT DE INSTALACAO DE INCENDIO E SPDA PARA PR EDIOS ESCOLARES E/OU ADMINISTRATIVOS ACIMA DE 3000M2,APRESEN TADO NOS PADROES DA CONTRATANTE 9%-DESPESAS ADMINISTRATIVAS E DE MATERIAIS | E20: m² | F20: 138.06 | G20: 0.26 | H20: 0.32 | I20: 44.17 | J20: 4.3439177e-05 | K20: =$I$264 -> 0 | L20: =I20-(I20*K20) -> 44.17
A21: 2 | D21: GERENCIAMENTO DE OBRAS / FISCALIZAÇÃO | I21: 115391.25 | J21: 0.11348202
A22: 2.1 | B22: 1082-COMP-ADM | C22: Próprio | D22: ADMINISTRAÇÃO LOCAL A SER PAGO PROPORCIONAL A EVOLUÇÃO DA OBRA | E22: und | F22: 1 | G22: 91384.54 | H22: 115391.25 | I22: 115391.25 | J22: 0.11348202 | K22: =$I$264 -> 0 | L22: =I22-(I22*K22) -> 115391.25
A23: 3 | D23: SERVIÇOS PRELIMINARES | I23: 67176.47 | J23: 0.066064989
A24: 3.1 | B24: 1083-COMP-TAXAS | C24: Próprio | D24: ART CONTRATO MAIOR QUE R$ 15.000,00 | E24: UN | F24: 1 | G24: 271.47 | H24: 342.78 | I24: 342.78 | J24: 0.00033710847 | K24: =$I$264 -> 0 | L24: =I24-(I24*K24) -> 342.78
A25: 3.2 | D25: DEMOLIÇÕES E REMOÇÕES | I25: 27888.69 | J25: 0.027427253
A26: 3.2.1 | B26: 1082-COMP-04.014.0095-0 | C26: Próprio | D26: RETIRADA DE ENTULHO DE OBRA COM CACAMBA DE ACO TIPO CONTAINE R COM 5M3 DE CAPACIDADE,INCLUSIVE CARREGAMENTO,TRANSPORTE E DESCARREGAMENTO.CUSTO POR UNIDADE DE CACAMBA E INCLUI A TAX A PARA DESCARGA EM LOCAIS AUTORIZADOS 3%-DESGASTE DE FERRAMENTAS E EPI | E26: UN | F26: 6 | G26: 379.13 | H26: 478.72 | I26: 2872.32 | J26: 0.0028247955 | K26: =$I$264 -> 0 | L26: =I26-(I26*K26) -> 2872.32
A27: 3.2.2 | B27: 1082-COMP-05.001.0086-0 | C27: Próprio | D27: REMOCAO DE TERRA OU ENTULHO,A PA,ATE A DISTANCIA HORIZONTAL DE 5,00M 3%- DESGASTE DE FERRAMENTAS E EPI | E27: m³ | F27: 35.37534 | G27: 47.83 | H27: 60.39 | I27: 2136.31 | J27: 0.0021009633 | K27: =$I$264 -> 0 | L27: =I27-(I27*K27) -> 2136.31
A28: 3.2.3 | B28: 104789 | C28: SINAPI | D28: DEMOLIÇÃO DE PISO DE CONCRETO SIMPLES, DE FORMA MANUAL, SEM REAPROVEITAMENTO. AF_09/2023 | E28: m³ | F28: 0.9375 | G28: 297.55 | H28: 375.71 | I28: 352.22 | J28: 0.00034639228 | K28: =$I$264 -> 0 | L28: =I28-(I28*K28) -> 352.22
A29: 3.2.4 | B29: 104758 | C29: SINAPI | D29: FURO MANUAL EM ALVENARIA, PARA INSTALAÇÕES ELÉTRICAS, DIÂMETROS MENORES OU IGUAIS A 40 MM. AF_09/2023 | E29: UN | F29: 122 | G29: 21.93 | H29: 27.69 | I29: 3378.18 | J29: 0.0033222857 | K29: =$I$264 -> 0 | L29: =I29-(I29*K29) -> 3378.18
A30: 3.2.5 | B30: 104769 | C30: SINAPI | D30: FURO MECANIZADO EM ALVENARIA, PARA INSTALAÇÕES HIDRÁULICAS, DIÂMETROS MAIORES QUE 40 MM E MENORES OU IGUAIS A 75 MM. AF_09/2023 | E30: UN | F30: 14 | G30: 2.37 | H30: 2.99 | I30: 41.86 | J30: 4.1167398e-05 | K30: =$I$264 -> 0 | L30: =I30-(I30*K30) -> 41.86
A31: 3.2.6 | B31: 90436 | C31: SINAPI | D31: FURO MANUAL EM ALVENARIA, PARA INSTALAÇÕES HIDRÁULICAS, DIÂMETROS MENORES OU IGUAIS A 40 MM. AF_09/2023 | E31: UN | F31: 3 | G31: 21 | H31: 26.51 | I31: 79.53 | J31: 7.8214122e-05 | K31: =$I$264 -> 0 | L31: =I31-(I31*K31) -> 79.53
A32: 3.2.7 | B32: 104774 | C32: SINAPI | D32: FURO MECANIZADO EM CONCRETO, COM PERFURATRIZ, PARA INSTALAÇÕES ELÉTRICAS, DIÂMETROS MENORES OU IGUAIS A 40 MM. AF_09/2023 | E32: UN | F32: 23 | G32: 3.18 | H32: 4.01 | I32: 92.23 | J32: 9.0703992e-05 | K32: =$I$264 -> 0 | L32: =I32-(I32*K32) -> 92.23
A33: 3.2.8 | B33: 104775 | C33: SINAPI | D33: FURO MECANIZADO EM CONCRETO, COM PERFURATRIZ, PARA INSTALAÇÕES HIDRÁULICAS, DIÂMETROS MAIORES QUE 40 MM E MENORES OU IGUAIS A 75 MM. AF_09/2023 | E33: UN | F33: 4 | G33: 8.15 | H33: 10.29 | I33: 41.16 | J33: 4.047898e-05 | K33: =$I$264 -> 0 | L33: =I33-(I33*K33) -> 41.16
A34: 3.2.9 | B34: 104786 | C34: SINAPI | D34: RASGO LINEAR MECANIZADO EM CONCRETO, PARA RAMAIS/ DISTRIBUIÇÃO DE INSTALAÇÕES HIDRÁULICAS, DIÂMETROS MENORES OU IGUAIS A 40 MM. AF_09/2023 | E34: M | F34: 335 | G34: 10.19 | H34: 12.86 | I34: 4308.1 | J34: 0.0042368195 | K34: =$I$264 -> 0 | L34: =I34-(I34*K34) -> 4308.1
A35: 3.2.10 | B35: 97641 | C35: SINAPI | D35: REMOÇÃO DE FORRO DE GESSO, DE FORMA MANUAL, SEM REAPROVEITAMENTO. AF_09/2023 | E35: m² | F35: 115.4405 | G35: 4.37 | H35: 5.51 | I35: 636.07 | J35: 0.00062554579 | K35: =$I$264 -> 0 | L35: =I35-(I35*K35) -> 636.07
A36: 3.2.11 | B36: 97622 | C36: SINAPI | D36: DEMOLIÇÃO DE ALVENARIA DE BLOCO FURADO, DE FORMA MANUAL, SEM REAPROVEITAMENTO. AF_09/2023 | E36: m³ | F36: 1.0455 | G36: 84.55 | H36: 106.76 | I36: 111.61 | J36: 0.00010976334 | K36: =$I$264 -> 0 | L36: =I36-(I36*K36) -> 111.61
A37: 3.2.12 | B37: 97628 | C37: SINAPI | D37: DEMOLIÇÃO DE LAJES, EM CONCRETO ARMADO, DE FORMA MANUAL, SEM REAPROVEITAMENTO. AF_09/2023 | E37: m³ | F37: 0.47875 | G37: 395.74 | H37: 499.7 | I37: 239.23 | J37: 0.00023527178 | K37: =$I$264 -> 0 | L37: =I37-(I37*K37) -> 239.23
... A45: 3.2.20 | B45: 97637 | C45: SINAPI | D45: REMOÇÃO DE TAPUME/ CHAPAS METÁLICAS E DE MADEIRA, DE FORMA MANUAL, SEM REAPROVEITAMENTO. AF_09/2023 | E45: m² | F45: 34.2 | G45: 4.51 | H45: 5.69 | I45: 194.59 | J45: 0.00019137038 | K45: =$I$264 -> 0 | L45: =I45-(I45*K45) -> 194.59
A46: 3.3 | D46: CANTEIRO DE OBRAS | I46: 36293.33 | J46: 0.035692832
A47: 3.3.1 | B47: 103689 | C47: SINAPI | D47: FORNECIMENTO E INSTALAÇÃO DE PLACA DE OBRA COM CHAPA GALVANIZADA E ESTRUTURA DE MADEIRA. AF_03/2022_PS | E47: m² | F47: 2 | G47: 481.11 | H47: 607.49 | I47: 1214.98 | J47: 0.0011948773 | K47: =$I$264 -> 0 | L47: =I47-(I47*K47) -> 1214.98
A48: 3.3.2 | B48: 1082-COMP-AD 20.20.0050 | C48: Próprio | D48: Instalacao e ligacao provisorias de alimentacao de energia eletrica, em baixa tensao (BT), para canteiro de obras, exclusive o fornecimento do medidor. | E48: un | F48: 1 | G48: 2437.19 | H48: 3077.43 | I48: 3077.43 | J48: 0.0030265118 | K48: =$I$264 -> 0 | L48: =I48-(I48*K48) -> 3077.43
A49: 3.3.3 | B49: 012057 | C49: SBC | D49: CONTAINER ESCRITORIO 6,05x2,44x2,57 COM ACABAMENTO EM PVC | E49: MES | F49: 6 | G49: 1530 | H49: 1931.93 | I49: 11591.58 | J49: 0.011399789 | K49: =$I$264 -> 0 | L49: =I49-(I49*K49) -> 11591.58
A50: 3.3.4 | B50: 04.005.0300-0 | C50: EMOP | D50: TRANSPORTE DE CONTAINER,SEGUNDO DESCRICAO DA FAMILIA 02.006, EXCLUSIVE CARGA E DESCARGA(VIDE ITEM 04.013.0015) | E50: UNXKM | F50: 30 | G50: 35.75 | H50: 45.14 | I50: 1354.2 | J50: 0.0013317938 | K50: =$I$264 -> 0 | L50: =I50-(I50*K50) -> 1354.2
A51: 3.3.5 | B51: 1082-COMP-04.013.0015-0 | C51: Próprio | D51: CARGA E DESCARGA DE CONTAINER,SEGUNDO DESCRICAO DA FAMILIA 0 2.006 3%-DESGASTE DE FERRAMENTAS E EPI | E51: UN | F51: 2 | G51: 106.74 | H51: 134.78 | I51: 269.56 | J51: 0.00026509995 | K51: =$I$264 -> 0 | L51: =I51-(I51*K51) -> 269.56
A52: 3.3.6 | B52: 05.006.0001-B | C52: EMOP | D52: LOCACAO DE ANDAIME COM ELEMENTOS TUBULARES SOBRE SAPATAS FIX AS,CONSIDERANDO-SE A AREA DA PROJECAO VERTICAL DO ANDAIME E PAGO PELO TEMPO NECESSARIO A SUA UTILIZACAO,EXCLUSIVE TRANSP ORTE DOS ELEMENTOS DO ANDAIME ATE A OBRA,PLATAFORMA OU PASSA RELA DE PINHO,MONTAGEM E DESMONTAGEM DOS ANDAIMES | E52: M2XMES | F52: 48 | G52: 38.9 | H52: 49.11 | I52: 2357.28 | J52: 0.0023182772 | K52: =$I$264 -> 0 | L52: =I52-(I52*K52) -> 2357.28
A53: 3.3.7 | B53: 1082-COMP-05.008.0009-0 | C53: Próprio | D53: MOVIMENTACAO HORIZONTAL DE ANDAIME COM ELEMENTOS TUBULARES T IPO TORRE 3%-DESGASTE DE FERRAMENTAS E EPI | E53: M | F53: 200 | G53: 0.31 | H53: 0.39 | I53: 78 | J53: 7.6709437e-05 | K53: =$I$264 -> 0 | L53: =I53-(I53*K53) -> 78
A54: 3.3.8 | B54: 04.020.0122-0 | C54: EMOP | D54: TRANSPORTE DE ANDAIME TUBULAR,CONSIDERANDO-SE A AREA DE PROJ ECAO VERTICAL DO ANDAIME,EXCLUSIVE CARGA,DESCARGA E TEMPO DE ESPERA DO CAMINHAO(VIDE ITEM 04.021.0010) | E54: M2XKM | F54: 1440 | G54: 0.2 | H54: 0.25 | I54: 360 | J54: 0.00035404355 | K54: =$I$264 -> 0 | L54: =I54-(I54*K54) -> 360
A55: 3.3.9 | B55: 98457 | C55: SINAPI | D55: TAPUME COM CHAPA METÁLICA. AF_03/2024 | E55: m² | F55: 34.2 | G55: 116.24 | H55: 146.77 | I55: 5019.53 | J55: 0.0049364784 | K55: =$I$264 -> 0 | L55: =I55-(I55*K55) -> 5019.53
A56: 3.3.10 | B56: 1083-COMP-9126 | C56: Próprio | D56: LINHA DE VIDA HORIZONTAL PROVISÓRIA EM CORDA PARA TRABALHOS EM COBERTURAS E TELHADOS | E56: M | F56: 125 | G56: 22.62 | H56: 28.56 | I56: 3570 | J56: 0.0035109319 | K56: =$I$264 -> 0 | L56: =I56-(I56*K56) -> 3570
A57: 3.3.11 | B57: 1082-COMP-MOB-01 | C57: Próprio | D57: MOBILIZACAO DE CANTEIRO | E57: UN | F57: 1 | G57: 1462.96 | H57: 1847.27 | I57: 1847.27 | J57: 0.0018167057 | K57: =$I$264 -> 0 | L57: =I57-(I57*K57) -> 1847.27
A58: 3.3.12 | B58: MT 05.40.0150 | C58: SCO | D58: Cerca protetora de borda de vala, construida com montantes de madeira serrada de (7,5 x 7,5)cm, com 1,50m de comprimento, ficando 0,50m enterrado, com intervalo de 6m e 1 linha de fita plastica zebrada, horizontal, com aproveitamento de 3 vezes da madeira. | E58: m | F58: 50 | G58: 5.78 | H58: 7.29 | I58: 364.5 | J58: 0.0003584691 | K58: =$I$264 -> 0 | L58: =I58-(I58*K58) -> 364.5
... A60: 3.3.14 | B60: 05.008.0001-0 | C60: EMOP | D60: MONTAGEM E DESMONTAGEM DE ANDAIME COM ELEMENTOS TUBULARES,CO NSIDERANDO-SE A AREA VERTICAL RECOBERTA 3%-DESGASTE DE FERRAMENTAS E EPI | E60: m² | F60: 300 | G60: 8.77 | H60: 11.07 | I60: 3321 | J60: 0.0032660518 | K60: =$I$264 -> 0 | L60: =I60-(I60*K60) -> 3321
A61: 3.4 | D61: SEGURANÇA E SAÚDE | I61: 2651.67 | J61: 0.0026077963
A62: 3.4.1 | B62: 1082-PGR-ENGSEG | C62: Próprio | D62: PGR (PROGRAMA DE GERENCIAMENTO DE RISCOS) DA OBRA ELABORADO POR PROFISSIONAL ESPECIALISTA EM SEGURANÇA DO TRABALHO | E62: und | F62: 1 | G62: 1200 | H62: 1515.24 | I62: 1515.24 | J62: 0.0014901693 | K62: =$I$264 -> 0 | L62: =I62-(I62*K62) -> 1515.24
A63: 3.4.2 | B63: 016691 | C63: SBC | D63: ATESTADO PCMSO (NR7)- ANUAL | E63: UN | F63: 1 | G63: 900 | H63: 1136.43 | I63: 1136.43 | J63: 0.001117627 | K63: =$I$264 -> 0 | L63: =I63-(I63*K63) -> 1136.43
A64: 4 | D64: MOVIMENTO DE TERRA/BANCO DE DUTOS/CAIXAS SUBTERRANEAS | I64: 17834.09 | J64: 0.017539013
A65: 4.1 | B65: 94969 | C65: SINAPI | D65: CONCRETO FCK = 15MPA, TRAÇO 1:3,4:3,5 (EM MASSA SECA DE CIMENTO/ AREIA MÉDIA/ BRITA 1) - PREPARO MECÂNICO COM BETONEIRA 600 L. AF_05/2021 | E65: m³ | F65: 4.5 | G65: 444.01 | H65: 560.65 | I65: 2522.92 | J65: 0.0024811766 | K65: =$I$264 -> 0 | L65: =I65-(I65*K65) -> 2522.92
A66: 4.2 | B66: 93358 | C66: SINAPI | D66: ESCAVAÇÃO MANUAL DE VALA. AF_09/2024 | E66: m³ | F66: 45.765 | G66: 126.14 | H66: 159.27 | I66: 7288.99 | J66: 0.0071683887 | K66: =$I$264 -> 0 | L66: =I66-(I66*K66) -> 7288.99
A67: 4.3 | B67: 96523 | C67: SINAPI | D67: ESCAVAÇÃO MANUAL PARA BLOCO DE COROAMENTO OU SAPATA (INCLUINDO ESCAVAÇÃO PARA COLOCAÇÃO DE FÔRMAS). AF_01/2024 | E67: m³ | F67: 2.048 | G67: 139.34 | H67: 175.94 | I67: 360.32 | J67: 0.00035435826 | K67: =$I$264 -> 0 | L67: =I67-(I67*K67) -> 360.32
A68: 4.4 | B68: 93382 | C68: SINAPI | D68: REATERRO MANUAL DE VALAS, COM COMPACTADOR DE SOLOS DE PERCUSSÃO. AF_08/2023 | E68: m³ | F68: 91.689 | G68: 37.45 | H68: 47.28 | I68: 4335.05 | J68: 0.0042633236 | K68: =$I$264 -> 0 | L68: =I68-(I68*K68) -> 4335.05
A69: 4.5 | B69: 101805 | C69: SINAPI | D69: CAIXA ENTERRADA SEPARADORA DE ÓLEO RETANGULAR, EM ALVENARIA COM BLOCOS DE CONCRETO, DIMENSÕES INTERNAS: 1,00 X 1,00 X 1,00 M, EXCLUINDO TAMPÃO. AF_12/2020 | E69: UN | F69: 1 | G69: 2019.29 | H69: 2549.75 | I69: 2549.75 | J69: 0.0025075626 | K69: =$I$264 -> 0 | L69: =I69-(I69*K69) -> 2549.75
A70: 4.6 | B70: 98114 | C70: SINAPI | D70: TAMPA CIRCULAR PARA ESGOTO E DRENAGEM, EM FERRO FUNDIDO, DIÂMETRO INTERNO = 0,6 M. AF_12/2020 | E70: UN | F70: 1 | G70: 615.4 | H70: 777.06 | I70: 777.06 | J70: 0.00076420301 | K70: =$I$264 -> 0 | L70: =I70-(I70*K70) -> 777.06
A71: 5 | D71: INFRAESTRUTURA: FUNDAÇÕES SIMPLES (OU DIRETAS ) | I71: 4106.45 | J71: 0.004038506
A72: 5.1 | B72: 96616 | C72: SINAPI | D72: LASTRO DE CONCRETO MAGRO, APLICADO EM BLOCOS DE COROAMENTO OU SAPATAS. AF_01/2024 | E72: m³ | F72: 1 | G72: 924.09 | H72: 1166.84 | I72: 1166.84 | J72: 0.0011475338 | K72: =$I$264 -> 0 | L72: =I72-(I72*K72) -> 1166.84
A73: 5.2 | B73: 96532 | C73: SINAPI | D73: FABRICAÇÃO, MONTAGEM E DESMONTAGEM DE FÔRMA PARA SAPATA, EM MADEIRA SERRADA, E=25 MM, 2 UTILIZAÇÕES. AF_01/2024 | E73: m² | F73: 1.44 | G73: 231.99 | H73: 292.93 | I73: 421.81 | J73: 0.00041483086 | K73: =$I$264 -> 0 | L73: =I73-(I73*K73) -> 421.81
A74: 5.3 | B74: 96558 | C74: SINAPI | D74: CONCRETAGEM DE SAPATA, FCK 30 MPA, COM USO DE BOMBA - LANÇAMENTO, ADENSAMENTO E ACABAMENTO. AF_01/2024 | E74: m³ | F74: 0.864 | G74: 775.81 | H74: 979.61 | I74: 846.38 | J74: 0.00083237606 | K74: =$I$264 -> 0 | L74: =I74-(I74*K74) -> 846.38
A75: 5.4 | B75: 101963 | C75: SINAPI | D75: LAJE PRÉ-MOLDADA UNIDIRECIONAL, BIAPOIADA, PARA PISO, ENCHIMENTO EM CERÂMICA, VIGOTA CONVENCIONAL, ALTURA TOTAL DA LAJE "LT" = 12 CM (ENCHIMENTO+CAPA) = (8+4). AF_08/2025 | E75: m² | F75: 4.63 | G75: 218.16 | H75: 275.47 | I75: 1275.42 | J75: 0.0012543173 | K75: =$I$264 -> 0 | L75: =I75-(I75*K75) -> 1275.42
A76: 5.5 | B76: 96544 | C76: SINAPI | D76: ARMAÇÃO DE BLOCO UTILIZANDO AÇO CA-50 DE 6,3 MM - MONTAGEM. AF_01/2024 | E76: KG | F76: 15 | G76: 20.91 | H76: 26.4 | I76: 396 | J76: 0.00038944791 | K76: =$I$264 -> 0 | L76: =I76-(I76*K76) -> 396
A77: 6 | D77: SUPERESTRUTURA | I77: 5541.7 | J77: 0.0054500088
A78: 6.1 | B78: 92269 | C78: SINAPI | D78: FABRICAÇÃO DE FÔRMA PARA PILARES E ESTRUTURAS SIMILARES, EM MADEIRA SERRADA, E=25 MM. AF_09/2020 | E78: m² | F78: 8.64 | G78: 148.33 | H78: 187.29 | I78: 1618.18 | J78: 0.0015914061 | K78: =$I$264 -> 0 | L78: =I78-(I78*K78) -> 1618.18
A79: 6.2 | B79: 101964 | C79: SINAPI | D79: LAJE PRÉ-MOLDADA UNIDIRECIONAL, BIAPOIADA, PARA FORRO, ENCHIMENTO EM CERÂMICA, VIGOTA CONVENCIONAL, ALTURA TOTAL DA LAJE "LT" = 12 CM (ENCHIMENTO+CAPA) = (8+4). AF_08/2025 | E79: m² | F79: 4.63 | G79: 203.6 | H79: 257.08 | I79: 1190.28 | J79: 0.001170586 | K79: =$I$264 -> 0 | L79: =I79-(I79*K79) -> 1190.28
A80: 6.3 | B80: 92760 | C80: SINAPI | D80: ARMAÇÃO DE PILAR OU VIGA DE ESTRUTURA CONVENCIONAL DE CONCRETO ARMADO UTILIZANDO AÇO CA-50 DE 6,3 MM - MONTAGEM. AF_06/2022 | E80: KG | F80: 60 | G80: 14.23 | H80: 17.96 | I80: 1077.6 | J80: 0.0010597704 | K80: =$I$264 -> 0 | L80: =I80-(I80*K80) -> 1077.6
A81: 6.4 | B81: 94966 | C81: SINAPI | D81: CONCRETO FCK = 30MPA, TRAÇO 1:2,1:2,5 (EM MASSA SECA DE CIMENTO/ AREIA MÉDIA/ BRITA 1) - PREPARO MECÂNICO COM BETONEIRA 400 L. AF_05/2021 | E81: m³ | F81: 2.514 | G81: 521.56 | H81: 658.57 | I81: 1655.64 | J81: 0.0016282463 | K81: =$I$264 -> 0 | L81: =I81-(I81*K81) -> 1655.64
A82: 7 | D82: ALVENARIA | I82: 2393.98 | J82: 0.00235437
A83: 7.1 | B83: 103359 | C83: SINAPI | D83: ALVENARIA DE VEDAÇÃO DE BLOCOS CERÂMICOS FURADOS NA HORIZONTAL DE 11,5X19X29 CM (ESPESSURA 11,5 CM) E ARGAMASSA DE ASSENTAMENTO COM PREPARO MANUAL. AF_12/2021 | E83: m² | F83: 20.9925 | G83: 90.32 | H83: 114.04 | I83: 2393.98 | J83: 0.00235437 | K83: =$I$264 -> 0 | L83: =I83-(I83*K83) -> 2393.98
A84: 8 | D84: ESQUADRIAS | I84: 57765.9 | J84: 0.056810124
A85: 8.1 | B85: 1082-COMP-99856 | C85: Próprio | D85: CORRIMÃO SIMPLES, DIÂMETRO EXTERNO = 1 1/2", EM AÇO INOX. | E85: M | F85: 117 | G85: 340.33 | H85: 429.73 | I85: 50278.41 | J85: 0.049446519 | K85: =$I$264 -> 0 | L85: =I85-(I85*K85) -> 50278.41
A86: 8.2 | B86: 14.002.0066-0 | C86: EMOP | D86: PORTA CORTA-FOGO NAO INSERIDA EM ROTA DE FUGA,MEDINDO (60X18 0X5)CM,CLASSE P-120,EM CHAPA DE ACO,TENDO BATENTE DO MESMO M ATERIAL,INCLUSIVE FECHADURA E 3 PARES DE DOBRADICAS COM MOLA .FORNECIMENTO E COLOCACAO 3%-DESGASTE DE FERRAMENTAS E EPI | E86: UN | F86: 1 | G86: 1454.56 | H86: 1836.67 | I86: 1836.67 | J86: 0.001806281 | K86: =$I$264 -> 0 | L86: =I86-(I86*K86) -> 1836.67
A87: 8.3 | B87: 94569 | C87: SINAPI | D87: JANELA DE ALUMÍNIO TIPO MAXIM-AR, BATENTE/ REQUADRO 3 A 14 CM, VIDRO INCLUSO, FIXAÇÃO COM PARAFUSO, SEM GUARNIÇÃO/ ALIZAR, DIMENSÕES 60X80 (A X L) CM, SEM ACABAMENTO, VEDAÇÃO COM SILICONE, EXCLUSIVE CONTRAMARCO - FORNECIMENTO E INSTALAÇÃO. AF_11/2024 | E87: m² | F87: 0.75 | G87: 1349.07 | H87: 1703.47 | I87: 1277.6 | J87: 0.0012564612 | K87: =$I$264 -> 0 | L87: =I87-(I87*K87) -> 1277.6
A88: 8.4 | B88: 91338 | C88: SINAPI | D88: PORTA DE ALUMÍNIO DE ABRIR COM LAMBRI, COM GUARNIÇÃO, FIXAÇÃO COM PARAFUSOS - FORNECIMENTO E INSTALAÇÃO. AF_12/2019 | E88: m² | F88: 2.94 | G88: 1128.08 | H88: 1424.42 | I88: 4187.79 | J88: 0.0041185001 | K88: =$I$264 -> 0 | L88: =I88-(I88*K88) -> 4187.79
A89: 8.5 | B89: 94590 | C89: SINAPI | D89: CONTRAMARCO DE ALUMÍNIO, FIXAÇÃO COM PARAFUSO - FORNECIMENTO E INSTALAÇÃO. AF_11/2024 | E89: M | F89: 3.5 | G89: 41.96 | H89: 52.98 | I89: 185.43 | J89: 0.00018236193 | K89: =$I$264 -> 0 | L89: =I89-(I89*K89) -> 185.43
A90: 9 | D90: INSTALAÇÕES ELÉTRICAS E SPDA | I90: 184404.65 | J90: 0.18135355
A91: 9.1 | D91: Instalações Elétricas | I91: 56089.81 | J91: 0.055161766
A92: 9.1.1 | B92: 92980 | C92: SINAPI | D92: CABO DE COBRE FLEXÍVEL ISOLADO, 10 MM², ANTI-CHAMA 0,6/1,0 KV, PARA DISTRIBUIÇÃO - FORNECIMENTO E INSTALAÇÃO. AF_10/2020 | E92: M | F92: 30 | G92: 10.95 | H92: 13.82 | I92: 414.6 | J92: 0.00040774016 | K92: =$I$264 -> 0 | L92: =I92-(I92*K92) -> 414.6
A93: 9.1.2 | B93: 91926 | C93: SINAPI | D93: CABO DE COBRE FLEXÍVEL ISOLADO, 2,5 MM², ANTI-CHAMA 450/750 V, PARA CIRCUITOS TERMINAIS - FORNECIMENTO E INSTALAÇÃO. AF_03/2023 | E93: M | F93: 60 | G93: 5.07 | H93: 6.4 | I93: 384 | J93: 0.00037764646 | K93: =$I$264 -> 0 | L93: =I93-(I93*K93) -> 384
A94: 9.1.3 | B94: 92982 | C94: SINAPI | D94: CABO DE COBRE FLEXÍVEL ISOLADO, 16 MM², ANTI-CHAMA 0,6/1,0 KV, PARA DISTRIBUIÇÃO - FORNECIMENTO E INSTALAÇÃO. AF_10/2020 | E94: M | F94: 400 | G94: 17.28 | H94: 21.81 | I94: 8724 | J94: 0.0085796554 | K94: =$I$264 -> 0 | L94: =I94-(I94*K94) -> 8724
A95: 9.1.4 | B95: 1082-COMP-059035 | C95: Próprio | D95: CAIXA FERRO ESMALTADO 4x2"" | E95: UN | F95: 3 | G95: 38.81 | H95: 49 | I95: 147 | J95: 0.00014456778 | K95: =$I$264 -> 0 | L95: =I95-(I95*K95) -> 147
A96: 9.1.5 | B96: 101795 | C96: SINAPI | D96: CAIXA ENTERRADA PARA INSTALAÇÕES TELEFÔNICAS TIPO R1, EM ALVENARIA COM BLOCOS DE CONCRETO, DIMENSÕES INTERNAS: 0,35X0,60X0,60 M, EXCLUINDO TAMPÃO. AF_12/2020 | E96: UN | F96: 8 | G96: 682.9 | H96: 862.29 | I96: 6898.32 | J96: 0.0067841826 | K96: =$I$264 -> 0 | L96: =I96-(I96*K96) -> 6898.32
A97: 9.1.6 | B97: 91902 | C97: SINAPI | D97: CURVA 90 GRAUS PARA ELETRODUTO, PVC, ROSCÁVEL, DN 25 MM (3/4"), PARA CIRCUITOS TERMINAIS, INSTALADA EM LAJE - FORNECIMENTO E INSTALAÇÃO. AF_03/2023 | E97: UN | F97: 8 | G97: 15.54 | H97: 19.62 | I97: 156.96 | J97: 0.00015436299 | K97: =$I$264 -> 0 | L97: =I97-(I97*K97) -> 156.96
A98: 9.1.7 | B98: 91908 | C98: SINAPI | D98: CURVA 90 GRAUS PARA ELETRODUTO, PVC, ROSCÁVEL, DN 40 MM (1 1/4"), PARA CIRCUITOS TERMINAIS, INSTALADA EM LAJE - FORNECIMENTO E INSTALAÇÃO. AF_03/2023 | E98: UN | F98: 6 | G98: 23.43 | H98: 29.58 | I98: 177.48 | J98: 0.00017454347 | K98: =$I$264 -> 0 | L98: =I98-(I98*K98) -> 177.48
A99: 9.1.8 | B99: 102137 | C99: SINAPI | D99: CHAVE DE BOIA AUTOMÁTICA SUPERIOR/INFERIOR 15A/250V - FORNECIMENTO E INSTALAÇÃO. AF_11/2025 | E99: UN | F99: 1 | G99: 157.84 | H99: 199.3 | I99: 199.3 | J99: 0.00019600245 | K99: =$I$264 -> 0 | L99: =I99-(I99*K99) -> 199.3
A100: 9.1.9 | B100: 93655 | C100: SINAPI | D100: DISJUNTOR MONOPOLAR TIPO DIN, CORRENTE NOMINAL DE 20A - FORNECIMENTO E INSTALAÇÃO. AF_07/2025 | E100: UN | F100: 13 | G100: 12.56 | H100: 15.85 | I100: 206.05 | J100: 0.00020264076 | K100: =$I$264 -> 0 | L100: =I100-(I100*K100) -> 206.05
A101: 9.1.10 | B101: 91867 | C101: SINAPI | D101: ELETRODUTO RÍGIDO ROSCÁVEL, PVC, DN 25 MM (3/4"), PARA CIRCUITOS TERMINAIS, INSTALADO EM LAJE - FORNECIMENTO E INSTALAÇÃO. AF_03/2023 | E101: M | F101: 21 | G101: 11.94 | H101: 15.07 | I101: 316.47 | J101: 0.00031123379 | K101: =$I$264 -> 0 | L101: =I101-(I101*K101) -> 316.47
A102: 9.1.11 | B102: 91869 | C102: SINAPI | D102: ELETRODUTO RÍGIDO ROSCÁVEL, PVC, DN 40 MM (1 1/4"), PARA CIRCUITOS TERMINAIS, INSTALADO EM LAJE - FORNECIMENTO E INSTALAÇÃO. AF_03/2023 | E102: M | F102: 12 | G102: 20.4 | H102: 25.75 | I102: 309 | J102: 0.00030388738 | K102: =$I$264 -> 0 | L102: =I102-(I102*K102) -> 309
A103: 9.1.12 | B103: 97667 | C103: SINAPI | D103: ELETRODUTO FLEXÍVEL CORRUGADO, PEAD, DN 50 (1 1/2"), PARA REDE ENTERRADA DE DISTRIBUIÇÃO DE ENERGIA ELÉTRICA - FORNECIMENTO E INSTALAÇÃO. AF_12/2021 | E103: M | F103: 100 | G103: 10.07 | H103: 12.71 | I103: 1271 | J103: 0.0012499704 | K103: =$I$264 -> 0 | L103: =I103-(I103*K103) -> 1271
... A114: 9.1.23 | B114: 93672 | C114: SINAPI | D114: DISJUNTOR TRIPOLAR TIPO DIN, CORRENTE NOMINAL DE 40A - FORNECIMENTO E INSTALAÇÃO. AF_07/2025 | E114: UN | F114: 1 | G114: 87.58 | H114: 110.58 | I114: 110.58 | J114: 0.00010875038 | K114: =$I$264 -> 0 | L114: =I114-(I114*K114) -> 110.58
A115: 9.2 | D115: Instalações de SPDA | I115: 128314.84 | J115: 0.12619178
A116: 9.2.1 | B116: 1082-COMP-SPDA-01 | C116: Próprio | D116: ADESIVO PARA SUPERFÍCIE POROSA, REF.: TEL 5904 TERMOTÉCNICA OU EQUIVALENTE | E116: kg | F116: 19.65 | G116: 265.58 | H116: 335.34 | I116: 6589.43 | J116: 0.0064804034 | K116: =$I$264 -> 0 | L116: =I116-(I116*K116) -> 6589.43
A117: 9.2.2 | B117: 1082-COMP-SPDA-10 | C117: Próprio | D117: Barra chata em alumínio 7/8"x1/8" (70mm²), com furos diâmetro 7 mm ref. TEL-771, marca de referência Termotécnica ou equivalente | E117: m | F117: 790 | G117: 37.81 | H117: 47.74 | I117: 37714.6 | J117: 0.037090586 | K117: =$I$264 -> 0 | L117: =I117-(I117*K117) -> 37714.6
A118: 9.2.3 | B118: 1082-COMP-078206 | C118: Próprio | D118: CABO DE COBRE NU MEIO DURO 7 FIOS 35mm2 | E118: M | F118: 8 | G118: 41.99 | H118: 53.02 | I118: 424.16 | J118: 0.00041714198 | K118: =$I$264 -> 0 | L118: =I118-(I118*K118) -> 424.16
A119: 9.2.4 | B119: 1082-COMP-078212 | C119: Próprio | D119: CABO DE COBRE NU MEIO DURO 7 FIOS 50mm2 | E119: M | F119: 16 | G119: 58.72 | H119: 74.14 | I119: 1186.24 | J119: 0.0011666128 | K119: =$I$264 -> 0 | L119: =I119-(I119*K119) -> 1186.24
A120: 9.2.5 | B120: 1083-COMP-078030 | C120: Próprio | D120: CAIXA DE EQUALIZACAO TERRA 210x210x90 TEL-901 | E120: UN | F120: 3 | G120: 567.63 | H120: 716.74 | I120: 2150.22 | J120: 0.0021146431 | K120: =$I$264 -> 0 | L120: =I120-(I120*K120) -> 2150.22
A121: 9.2.6 | B121: 98111 | C121: SINAPI | D121: CAIXA DE INSPEÇÃO PARA ATERRAMENTO, CIRCULAR, EM POLIETILENO, DIÂMETRO INTERNO = 0,3 M. AF_12/2020 | E121: UN | F121: 22 | G121: 73.94 | H121: 93.36 | I121: 2053.92 | J121: 0.0020199365 | K121: =$I$264 -> 0 | L121: =I121-(I121*K121) -> 2053.92
A122: 9.2.7 | B122: 1082-COMP-061423 | C122: Próprio | D122: CAIXA PASSAGEM CHAPA GALVAN.16 TAMPA CEGA PARAF.15x15x12cm | E122: UN | F122: 22 | G122: 79.22 | H122: 100.03 | I122: 2200.66 | J122: 0.0021642486 | K122: =$I$264 -> 0 | L122: =I122-(I122*K122) -> 2200.66
A123: 9.2.8 | B123: 1082-COMP-078389 | C123: Próprio | D123: CONECTOR DE MEDICAO E EMENDA 16 A 70MM 560 - TERMOTECNICA | E123: UN | F123: 22 | G123: 47.85 | H123: 60.42 | I123: 1329.24 | J123: 0.0013072468 | K123: =$I$264 -> 0 | L123: =I123-(I123*K123) -> 1329.24
A124: 9.2.9 | B124: 1082-COMP-EL-10-A | C124: Próprio | D124: CONJ PARAFUSO SEXTAVADO E PORCA EM ALUMÍNIO 1/4 X 1" | E124: und | F124: 1580 | G124: 8.94 | H124: 11.28 | I124: 17822.4 | J124: 0.017527516 | K124: =$I$264 -> 0 | L124: =I124-(I124*K124) -> 17822.4
A125: 9.2.10 | B125: 104753 | C125: SINAPI | D125: CONECTOR SPLIT-BOLT, PARA SPDA, PARA CABOS ATÉ 50 MM2 - FORNECIMENTO E INSTALAÇÃO. AF_08/2023 | E125: UN | F125: 3 | G125: 29.71 | H125: 37.51 | I125: 112.53 | J125: 0.00011066811 | K125: =$I$264 -> 0 | L125: =I125-(I125*K125) -> 112.53
A126: 9.2.11 | B126: 1082-COMP-EL-10-A | C126: Próprio | D126: CONJ PARAFUSO SEXTAVADO E PORCA EM ALUMÍNIO 1/4 X 1" | E126: und | F126: 42 | G126: 8.94 | H126: 11.28 | I126: 473.76 | J126: 0.00046592132 | K126: =$I$264 -> 0 | L126: =I126-(I126*K126) -> 473.76
A127: 9.2.12 | B127: 96977 | C127: SINAPI | D127: CORDOALHA DE COBRE NU 50 MM², ENTERRADA - FORNECIMENTO E INSTALAÇÃO. AF_08/2023 | E127: M | F127: 370 | G127: 58.99 | H127: 74.48 | I127: 27557.6 | J127: 0.027101641 | K127: =$I$264 -> 0 | L127: =I127-(I127*K127) -> 27557.6
... A138: 9.2.23 | B138: 1082-COMP-061302 | C138: Próprio | D138: TERMINAL DE COMPRESSAO PARA CABO 50mm2 | E138: UN | F138: 42 | G138: 51.93 | H138: 65.57 | I138: 2753.94 | J138: 0.0027083742 | K138: =$I$264 -> 0 | L138: =I138-(I138*K138) -> 2753.94
...

Sheet Composição
A11: PLANILHA DE COMPOSIÇÕES
A12: =Planilha!A12 -> UFF- INSTITUTO DE ARTES E COMUNICAÇÃO SOCIAL - IACS | G12: =Planilha!E12 -> PROCESSO: 23069.163323/2021/57
A13: =Planilha!A13 -> LOCAL: Rua Prof. Lara Vilela, 126 - São Domingos, Niterói | G13: =Planilha!E13 -> ARTs 13076784
A14: =Planilha!A14 -> NOME DA OBRA: IACS | G14: =Planilha!E14 -> BDI | H14: =Planilha!F14 -> BDI EQUIP. | J14: =Planilha!H14 -> DATA | K14: =Planilha!I14 -> REVISÃO
A15: =Planilha!A15 -> BASE DE DADOS: BASES SINAPI , SBC ,EMOP , SCO /MÊS DE REFERÊNCIA DEZEMBRO/25 -ESTADO RJ - REGIME TRIBUTÁRIO : NÃO DESONERADO | G15: =Planilha!E15 -> 0.2627 | H15: =Planilha!F15 -> 0 | J15: =Planilha!H15 -> 46037 | K15: =Planilha!I15 -> R04
A17: ITEM | B17: CÓDIGO | C17: BANCO | D17: DESCRIÇÃO | G17: UNIDADE | H17: COEFICIENTE | J17: CUSTO UNITÁRIO | K17: CUSTO TOTAL
A18: 1 | D18: PROJETOS | K18: 2274.17
A19: 1.1 | B19: Código | C19: Banco | D19: Descrição | E19: Tipo | G19: Und | H19: Quant. | I19: Porcent. | J19: Valor Unit | K19: Total
A20: Composição | B20: 1082-01.050.0840-1 | C20: Próprio | D20: PROJETO DE AS BUILT DE INSTALACAO DE INCENDIO E SPDA PARA PR EDIOS ESCOLARES E/OU ADMINISTRATIVOS ATE 500M2,APRESENTADO NOS PADROES DA CONTRATANTE 9%-DESPESAS ADMINISTRATIVAS E DE MATERIAIS | E20: 1 | G20: m² | H20: 1 | J20: 0.96 | K20: 0.96
A21: Composição Auxiliar | B21: 90777 | C21: SINAPI | D21: ENGENHEIRO CIVIL DE OBRA JUNIOR COM ENCARGOS COMPLEMENTARES | E21: Livro SINAPI: Cálculos e Parâmetros | G21: H | H21: 0.0066 | I21: 0 | J21: 146.11 | K21: 0.96
E22: MO sem LS => | F22: 0.42714983 | G22: LS => | H22: 0.48 | I22: MO com LS => | J22: 0.91
E23: Valor do BDI => | F23: 0.25 | H23: Valor com BDI => | J23: 1.21
G24: Quant. => | H24: 500 | I24: Preço Total => | J24: 605
A26: 1.2 | B26: Código | C26: Banco | D26: Descrição | E26: Tipo | G26: Und | H26: Quant. | I26: Porcent. | J26: Valor Unit | K26: Total
A27: Composição | B27: 1082-01.050.0841-0 | C27: Próprio | D27: PROJETO DE AS BUILT DE INSTALACAO DE INCENDIO E SPDA PARA PR EDIOS ESCOLARES E/OU ADMINISTRATIVOS DE 501 ATE 3000M2,APRES ENTADO NOS PADROES DA CONTRATANTE 9%-DESPESAS ADMINISTRATIVAS E DE MATERIAIS | E27: 1 | G27: m² | H27: 1 | J27: 0.52 | K27: 0.52
A28: Composição Auxiliar | B28: 90777 | C28: SINAPI | D28: ENGENHEIRO CIVIL DE OBRA JUNIOR COM ENCARGOS COMPLEMENTARES | E28: Livro SINAPI: Cálculos e Parâmetros | G28: H | H28: 0.0036 | I28: 0 | J28: 146.11 | K28: 0.52
E29: MO sem LS => | F29: 0.23469771 | G29: LS => | H29: 0.27 | I29: MO com LS => | J29: 0.5
E30: Valor do BDI => | F30: 0.13 | H30: Valor com BDI => | J30: 0.65
G31: Quant. => | H31: 2500 | I31: Preço Total => | J31: 1625
A33: 1.3 | B33: Código | C33: Banco | D33: Descrição | E33: Tipo | G33: Und | H33: Quant. | I33: Porcent. | J33: Valor Unit | K33: Total
A34: Composição | B34: 1082-01.050.0842-0 | C34: Próprio | D34: PROJETO DE AS BUILT DE INSTALACAO DE INCENDIO E SPDA PARA PR EDIOS ESCOLARES E/OU ADMINISTRATIVOS ACIMA DE 3000M2,APRESEN TADO NOS PADROES DA CONTRATANTE 9%-DESPESAS ADMINISTRATIVAS E DE MATERIAIS | E34: 1 | G34: m² | H34: 1 | J34: 0.26 | K34: 0.26
A35: Composição Auxiliar | B35: 90777 | C35: SINAPI | D35: ENGENHEIRO CIVIL DE OBRA JUNIOR COM ENCARGOS COMPLEMENTARES | E35: Livro SINAPI: Cálculos e Parâmetros | G35: H | H35: 0.0018 | I35: 0 | J35: 146.11 | K35: 0.26
E36: MO sem LS => | F36: 0.11734885 | G36: LS => | H36: 0.13 | I36: MO com LS => | J36: 0.25
E37: Valor do BDI => | F37: 0.06 | H37: Valor com BDI => | J37: 0.32
G38: Quant. => | H38: 138.06 | I38: Preço Total => | J38: 44.17
A40: 2 | D40: GERENCIAMENTO DE OBRAS / FISCALIZAÇÃO | K40: 115391.25
A41: 2.1 | B41: Código | C41: Banco | D41: Descrição | E41: Tipo | G41: Und | H41: Quant. | I41: Porcent. | J41: Valor Unit | K41: Total
A42: Composição | B42: 1082-COMP-ADM | C42: Próprio | D42: ADMINISTRAÇÃO LOCAL A SER PAGO PROPORCIONAL A EVOLUÇÃO DA OBRA | E42: CANT - CANTEIRO DE OBRAS | G42: und | H42: 1 | J42: 91384.54 | K42: 91384.54
A43: Composição Auxiliar | B43: 93572 | C43: SINAPI | D43: ENCARREGADO GERAL DE OBRAS COM ENCARGOS COMPLEMENTARES | E43: Livro SINAPI: Cálculos e Parâmetros | G43: MES | H43: 6 | I43: 0 | J43: 10490.3 | K43: 62941.8
A44: Composição Auxiliar | B44: 93567 | C44: SINAPI | D44: ENGENHEIRO CIVIL DE OBRA PLENO COM ENCARGOS COMPLEMENTARES | E44: Livro SINAPI: Cálculos e Parâmetros | G44: MES | H44: 1 | I44: 0 | J44: 28442.74 | K44: 28442.74
E45: MO sem LS => | F45: 37319.203 | G45: LS => | H45: 42185.63 | I45: MO com LS => | J45: 79504.83
E46: Valor do BDI => | F46: 24006.71 | H46: Valor com BDI => | J46: 115391.25
G47: Quant. => | H47: 1 | I47: Preço Total => | J47: 115391.25
A49: 3 | D49: SERVIÇOS PRELIMINARES | K49: 67176.47
A50: 3.1 | B50: Código | C50: Banco | D50: Descrição | E50: Tipo | G50: Und | H50: Quant. | I50: Porcent. | J50: Valor Unit | K50: Total
A51: Composição | B51: 1083-COMP-TAXAS | C51: Próprio | D51: ART CONTRATO MAIOR QUE R$ 15.000,00 | E51: SERT - SERVIÇOS TÉCNICOS | G51: UN | H51: 1 | J51: 271.47 | K51: 271.47
A52: Insumo | B52: 1083-TAXAS | C52: Próprio | D52: ART CONTRATO MAIOR QUE R$ 15.000,00 | E52: Taxas | G52: UN | H52: 1 | I52: 0 | J52: 271.47 | K52: 271.47
E53: MO sem LS => | F53: 0 | G53: LS => | H53: 0 | I53: MO com LS => | J53: 0
E54: Valor do BDI => | F54: 71.31 | H54: Valor com BDI => | J54: 342.78
G55: Quant. => | H55: 1 | I55: Preço Total => | J55: 342.78
A57: 3.2 | D57: DEMOLIÇÕES E REMOÇÕES | K57: 27888.69
A58: 3.2.1 | B58: Código | C58: Banco | D58: Descrição | E58: Tipo | G58: Und | H58: Quant. | I58: Porcent. | J58: Valor Unit | K58: Total
A59: Composição | B59: 1082-COMP-04.014.0095-0 | C59: Próprio | D59: RETIRADA DE ENTULHO DE OBRA COM CACAMBA DE ACO TIPO CONTAINE R COM 5M3 DE CAPACIDADE,INCLUSIVE CARREGAMENTO,TRANSPORTE E DESCARREGAMENTO.CUSTO POR UNIDADE DE CACAMBA E INCLUI A TAX A PARA DESCARGA EM LOCAIS AUTORIZADOS 3%-DESGASTE DE FERRAMENTAS E EPI | E59: 4 | G59: UN | H59: 1 | J59: 379.13 | K59: 379.13
A60: Composição Auxiliar | B60: 88316 | C60: SINAPI | D60: SERVENTE COM ENCARGOS COMPLEMENTARES | E60: Livro SINAPI: Cálculos e Parâmetros | G60: H | H60: 0.6 | I60: 0 | J60: 31.89 | K60: 19.13
A61: Insumo | B61: 10962 | C61: EMOP | D61: ALUGUEL CACAMBA DE ACO TIPO CONTAINER C/ 5M3 CAPAC.P/RETIRADA ENTULHO OBRA,INCL.C ARREGA.,TRANSP.E DESCAR.LOCAIS AUTORIZ. | E61: Material | G61: UN | H61: 1 | I61: 0 | J61: 360 | K61: 360
E62: MO sem LS => | F62: 6.1819377 | G62: LS => | H62: 6.99 | I62: MO com LS => | J62: 13.17
E63: Valor do BDI => | F63: 99.59 | H63: Valor com BDI => | J63: 478.72
G64: Quant. => | H64: 6 | I64: Preço Total => | J64: 2872.32
A66: 3.2.2 | B66: Código | C66: Banco | D66: Descrição | E66: Tipo | G66: Und | H66: Quant. | I66: Porcent. | J66: Valor Unit | K66: Total
A67: Composição | B67: 1082-COMP-05.001.0086-0 | C67: Próprio | D67: REMOCAO DE TERRA OU ENTULHO,A PA,ATE A DISTANCIA HORIZONTAL DE 5,00M 3%- DESGASTE DE FERRAMENTAS E EPI | E67: 5 | G67: m³ | H67: 1 | J67: 47.83 | K67: 47.83
A68: Composição Auxiliar | B68: 88316 | C68: SINAPI | D68: SERVENTE COM ENCARGOS COMPLEMENTARES | E68: Livro SINAPI: Cálculos e Parâmetros | G68: H | H68: 1.5 | I68: 0 | J68: 31.89 | K68: 47.83
E69: MO sem LS => | F69: 15.461885 | G69: LS => | H69: 17.48 | I69: MO com LS => | J69: 32.94
E70: Valor do BDI => | F70: 12.56 | H70: Valor com BDI => | J70: 60.39
G71: Quant. => | H71: 35.37534 | I71: Preço Total => | J71: 2136.31
A73: 3.2.3 | B73: Código | C73: Banco | D73: Descrição | E73: Tipo | G73: Und | H73: Quant. | I73: Porcent. | J73: Valor Unit | K73: Total
A74: Composição | B74: 104789 | C74: SINAPI | D74: DEMOLIÇÃO DE PISO DE CONCRETO SIMPLES, DE FORMA MANUAL, SEM REAPROVEITAMENTO. AF_09/2023 | E74: Demolições e Remoções | G74: m³ | H74: 1 | J74: 297.55 | K74: 297.55
A75: Composição Auxiliar | B75: 88309 | C75: SINAPI | D75: PEDREIRO COM ENCARGOS COMPLEMENTARES | E75: Livro SINAPI: Cálculos e Parâmetros | G75: H | H75: 1.2462 | I75: 0 | J75: 41.06 | K75: 51.16
A76: Composição Auxiliar | B76: 88316 | C76: SINAPI | D76: SERVENTE COM ENCARGOS COMPLEMENTARES | E76: Livro SINAPI: Cálculos e Parâmetros | G76: H | H76: 7.7265 | I76: 0 | J76: 31.89 | K76: 246.39
E77: MO sem LS => | F77: 97.798535 | G77: LS => | H77: 110.55 | I77: MO com LS => | J77: 208.35
E78: Valor do BDI => | F78: 78.16 | H78: Valor com BDI => | J78: 375.71
G79: Quant. => | H79: 0.9375 | I79: Preço Total => | J79: 352.22
A81: 3.2.4 | B81: Código | C81: Banco | D81: Descrição | E81: Tipo | G81: Und | H81: Quant. | I81: Porcent. | J81: Valor Unit | K81: Total
A82: Composição | B82: 104758 | C82: SINAPI | D82: FURO MANUAL EM ALVENARIA, PARA INSTALAÇÕES ELÉTRICAS, DIÂMETROS MENORES OU IGUAIS A 40 MM. AF_09/2023 | E82: Rasgos e Fixações | G82: UN | H82: 1 | J82: 21.93 | K82: 21.93
A83: Composição Auxiliar | B83: 88247 | C83: SINAPI | D83: AUXILIAR DE ELETRICISTA COM ENCARGOS COMPLEMENTARES | E83: Livro SINAPI: Cálculos e Parâmetros | G83: H | H83: 0.1229 | I83: 0 | J83: 33.53 | K83: 4.12
A84: Composição Auxiliar | B84: 88264 | C84: SINAPI | D84: ELETRICISTA COM ENCARGOS COMPLEMENTARES | E84: Livro SINAPI: Cálculos e Parâmetros | G84: H | H84: 0.437 | I84: 0 | J84: 40.76 | K84: 17.81
E85: MO sem LS => | F85: 7.6511453 | G85: LS => | H85: 8.65 | I85: MO com LS => | J85: 16.3
E86: Valor do BDI => | F86: 5.76 | H86: Valor com BDI => | J86: 27.69
G87: Quant. => | H87: 122 | I87: Preço Total => | J87: 3378.18
A89: 3.2.5 | B89: Código | C89: Banco | D89: Descrição | E89: Tipo | G89: Und | H89: Quant. | I89: Porcent. | J89: Valor Unit | K89: Total
A90: Composição | B90: 104769 | C90: SINAPI | D90: FURO MECANIZADO EM ALVENARIA, PARA INSTALAÇÕES HIDRÁULICAS, DIÂMETROS MAIORES QUE 40 MM E MENORES OU IGUAIS A 75 MM. AF_09/2023 | E90: Rasgos e Fixações | G90: UN | H90: 1 | J90: 2.37 | K90: 2.37
A91: Composição Auxiliar | B91: 88248 | C91: SINAPI | D91: AUXILIAR DE ENCANADOR OU BOMBEIRO HIDRÁULICO COM ENCARGOS COMPLEMENTARES | E91: Livro SINAPI: Cálculos e Parâmetros | G91: H | H91: 0.0139 | I91: 0 | J91: 32.41 | K91: 0.45
A92: Composição Auxiliar | B92: 88267 | C92: SINAPI | D92: ENCANADOR OU BOMBEIRO HIDRÁULICO COM ENCARGOS COMPLEMENTARES | E92: Livro SINAPI: Cálculos e Parâmetros | G92: H | H92: 0.0495 | I92: 0 | J92: 38.96 | K92: 1.92
E93: MO sem LS => | F93: 0.83552385 | G93: LS => | H93: 0.94 | I93: MO com LS => | J93: 1.78
E94: Valor do BDI => | F94: 0.62 | H94: Valor com BDI => | J94: 2.99
G95: Quant. => | H95: 14 | I95: Preço Total => | J95: 41.86
A97: 3.2.6 | B97: Código | C97: Banco | D97: Descrição | E97: Tipo | G97: Und | H97: Quant. | I97: Porcent. | J97: Valor Unit | K97: Total
A98: Composição | B98: 90436 | C98: SINAPI | D98: FURO MANUAL EM ALVENARIA, PARA INSTALAÇÕES HIDRÁULICAS, DIÂMETROS MENORES OU IGUAIS A 40 MM. AF_09/2023 | E98: Rasgos e Fixações | G98: UN | H98: 1 | J98: 21 | K98: 21
A99: Composição Auxiliar | B99: 88248 | C99: SINAPI | D99: AUXILIAR DE ENCANADOR OU BOMBEIRO HIDRÁULICO COM ENCARGOS COMPLEMENTARES | E99: Livro SINAPI: Cálculos e Parâmetros | G99: H | H99: 0.1229 | I99: 0 | J99: 32.41 | K99: 3.98
A100: Composição Auxiliar | B100: 88267 | C100: SINAPI | D100: ENCANADOR OU BOMBEIRO HIDRÁULICO COM ENCARGOS COMPLEMENTARES | E100: Livro SINAPI: Cálculos e Parâmetros | G100: H | H100: 0.437 | I100: 0 | J100: 38.96 | K100: 17.02
E101: MO sem LS => | F101: 7.3976718 | G101: LS => | H101: 8.36 | I101: MO com LS => | J101: 15.76
E102: Valor do BDI => | F102: 5.51 | H102: Valor com BDI => | J102: 26.51
G103: Quant. => | H103: 3 | I103: Preço Total => | J103: 79.53
A105: 3.2.7 | B105: Código | C105: Banco | D105: Descrição | E105: Tipo | G105: Und | H105: Quant. | I105: Porcent. | J105: Valor Unit | K105: Total
A106: Composição | B106: 104774 | C106: SINAPI | D106: FURO MECANIZADO EM CONCRETO, COM PERFURATRIZ, PARA INSTALAÇÕES ELÉTRICAS, DIÂMETROS MENORES OU IGUAIS A 40 MM. AF_09/2023 | E106: Rasgos e Fixações | G106: UN | H106: 1 | J106: 3.18 | K106: 3.18
A107: Composição Auxiliar | B107: 88247 | C107: SINAPI | D107: AUXILIAR DE ELETRICISTA COM ENCARGOS COMPLEMENTARES | E107: Livro SINAPI: Cálculos e Parâmetros | G107: H | H107: 0.0162 | I107: 0 | J107: 33.53 | K107: 0.54
A108: Composição Auxiliar | B108: 88264 | C108: SINAPI | D108: ELETRICISTA COM ENCARGOS COMPLEMENTARES | E108: Livro SINAPI: Cálculos e Parâmetros | G108: H | H108: 0.0575 | I108: 0 | J108: 40.76 | K108: 2.34
A109: Composição Auxiliar | B109: 90625 | C109: SINAPI | D109: PERFURATRIZ MANUAL, TORQUE MÁXIMO 83 N.M, POTÊNCIA 5 CV, COM DIÂMETRO MÁXIMO 4" - CHP DIURNO. AF_06/2015 | E109: Custos Horários Produtivo e Improdutivo dos Equipamentos | G109: CHP | H109: 0.0167 | I109: 0 | J109: 10.31 | K109: 0.17
A110: Composição Auxiliar | B110: 90626 | C110: SINAPI | D110: PERFURATRIZ MANUAL, TORQUE MÁXIMO 83 N.M, POTÊNCIA 5 CV, COM DIÂMETRO MÁXIMO 4" - CHI DIURNO. AF_06/2015 | E110: Custos Horários Produtivo e Improdutivo dos Equipamentos | G110: CHI | H110: 0.0408 | I110: 0 | J110: 3.3 | K110: 0.13
E111: MO sem LS => | F111: 1.0045062 | G111: LS => | H111: 1.14 | I111: MO com LS => | J111: 2.14
E112: Valor do BDI => | F112: 0.83 | H112: Valor com BDI => | J112: 4.01
G113: Quant. => | H113: 23 | I113: Preço Total => | J113: 92.23
A115: 3.2.8 | B115: Código | C115: Banco | D115: Descrição | E115: Tipo | G115: Und | H115: Quant. | I115: Porcent. | J115: Valor Unit | K115: Total
A116: Composição | B116: 104775 | C116: SINAPI | D116: FURO MECANIZADO EM CONCRETO, COM PERFURATRIZ, PARA INSTALAÇÕES HIDRÁULICAS, DIÂMETROS MAIORES QUE 40 MM E MENORES OU IGUAIS A 75 MM. AF_09/2023 | E116: Rasgos e Fixações | G116: UN | H116: 1 | J116: 8.15 | K116: 8.15
A117: Composição Auxiliar | B117: 88248 | C117: SINAPI | D117: AUXILIAR DE ENCANADOR OU BOMBEIRO HIDRÁULICO COM ENCARGOS COMPLEMENTARES | E117: Livro SINAPI: Cálculos e Parâmetros | G117: H | H117: 0.0431 | I117: 0 | J117: 32.41 | K117: 1.39
A118: Composição Auxiliar | B118: 88267 | C118: SINAPI | D118: ENCANADOR OU BOMBEIRO HIDRÁULICO COM ENCARGOS COMPLEMENTARES | E118: Livro SINAPI: Cálculos e Parâmetros | G118: H | H118: 0.1532 | I118: 0 | J118: 38.96 | K118: 5.96
A119: Composição Auxiliar | B119: 90625 | C119: SINAPI | D119: PERFURATRIZ MANUAL, TORQUE MÁXIMO 83 N.M, POTÊNCIA 5 CV, COM DIÂMETRO MÁXIMO 4" - CHP DIURNO. AF_06/2015 | E119: Custos Horários Produtivo e Improdutivo dos Equipamentos | G119: CHP | H119: 0.0445 | I119: 0 | J119: 10.31 | K119: 0.45
A120: Composição Auxiliar | B120: 90626 | C120: SINAPI | D120: PERFURATRIZ MANUAL, TORQUE MÁXIMO 83 N.M, POTÊNCIA 5 CV, COM DIÂMETRO MÁXIMO 4" - CHI DIURNO. AF_06/2015 | E120: Custos Horários Produtivo e Improdutivo dos Equipamentos | G120: CHI | H120: 0.1087 | I120: 0 | J120: 3.3 | K120: 0.35
E121: MO sem LS => | F121: 2.5910627 | G121: LS => | H121: 2.93 | I121: MO com LS => | J121: 5.52
E122: Valor do BDI => | F122: 2.14 | H122: Valor com BDI => | J122: 10.29
G123: Quant. => | H123: 4 | I123: Preço Total => | J123: 41.16
...

Sheet Mem. Cálculo
A11: PLANILHA DE MEMÓRIA DE CÁLCULOS
A12: =Planilha!A12 -> UFF- INSTITUTO DE ARTES E COMUNICAÇÃO SOCIAL - IACS | G12: =Planilha!E12 -> PROCESSO: 23069.163323/2021/57
A13: =Planilha!A13 -> LOCAL: Rua Prof. Lara Vilela, 126 - São Domingos, Niterói | G13: =Planilha!E13 -> ARTs 13076784
A14: =Planilha!A14 -> NOME DA OBRA: IACS | G14: =Planilha!E14 -> BDI | H14: =Planilha!F14 -> BDI EQUIP. | I14: =Planilha!G14 -> SIAPE | J14: =Planilha!H14 -> DATA | R14: =Planilha!I14 -> REVISÃO
A15: =Planilha!A15 -> BASE DE DADOS: BASES SINAPI , SBC ,EMOP , SCO /MÊS DE REFERÊNCIA DEZEMBRO/25 -ESTADO RJ - REGIME TRIBUTÁRIO : NÃO DESONERADO | G15: =Planilha!E15 -> 0.2627 | H15: =Planilha!F15 -> 0 | I15: =Planilha!G15 -> 0000000 | J15: =Planilha!H15 -> 46037 | R15: =Planilha!I15 -> R04
A16: ITEM | B16: CÓDIGO | C16: FONTE | D16: INSTALAÇÃO | E16: DESCRIÇÃO | F16: UND | G16: QUANT. | H16: IMPLANTAÇÃO | I16: BLOCO A | L16: BLOCO B | N16: BLOCO C | S16: BLOCO D | U16: CMI | W16: OBSERVAÇÕES
I17: TÉRREO | J17: 2º PAV | K17: COBERTURA/DESCIDAS | L17: TÉRREO | M17: COBERTURA/DESCIDAS | N17: TÉRREO | O17: 2º PAV | P17: 3º PAV | Q17: 4º PAV | R17: COBERTURA/DESCIDAS | S17: TÉRREO | T17: COBERTURA/DESCIDAS | U17: TÉRREO | V17: COBERTURA/DESCIDAS
A18: 1 | E18: PROJETOS | G18: 1
A19: 1.1 | B19: 1082-01.050.0840-1 | C19: PROPRIA | D19: GERAL | E19: PROJETO DE AS BUILT DE INSTALACAO DE INCENDIO E SPDA PARA PR EDIOS ESCOLARES E/OU ADMINISTRATIVOS ATE 500M2,APRESENTADO NOS PADROES DA CONTRATANTE 9%-DESPESAS ADMINISTRATIVAS E DE MATERIAIS | F19: M2 | G19: =SUM(H19:V19) -> 500 | H19: 500 | W19: Área construída de 3.108,06m2
A20: 1.2 | B20: 1082-01.050.0841-0 | C20: PROPRIA | D20: GERAL | E20: PROJETO DE AS BUILT DE INSTALACAO DE INCENDIO E SPDA PARA PR EDIOS ESCOLARES E/OU ADMINISTRATIVOS DE 501 ATE 3000M2,APRES ENTADO NOS PADROES DA CONTRATANTE 9%-DESPESAS ADMINISTRATIVAS E DE MATERIAIS | F20: M2 | G20: =SUM(H20:V20) -> 2500 | H20: 2500 | W20: Área construída de 3.108,06m2
A21: 1.3 | B21: 1082-01.050.0842-0 | C21: PROPRIA | D21: GERAL | E21: PROJETO DE AS BUILT DE INSTALACAO DE INCENDIO E SPDA PARA PR EDIOS ESCOLARES E/OU ADMINISTRATIVOS ACIMA DE 3000M2,APRESEN TADO NOS PADROES DA CONTRATANTE 9%-DESPESAS ADMINISTRATIVAS E DE MATERIAIS | F21: M2 | G21: =SUM(H21:V21) -> 138.06 | H21: 138.06 | W21: Área construída de 3.108,06m2
A22: 2 | E22: GERENCIAMENTO DE OBRAS / FISCALIZAÇÃO | G22: 1
A23: 2.1 | B23: 1082-COMP-ADM | C23: PROPRIA | D23: GERAL | E23: ADMINISTRAÇÃO LOCAL A SER PAGO PROPORCIONAL A EVOLUÇÃO DA OBRA | F23: UND | G23: =SUM(H23:V23) -> 1 | H23: 1 | W23: ADMINISTRAÇÃO LOCAL DA OBRA CONSIDERANDO 1 ENCARREGADO ( DURANTE OS 6 MESES DE OBRA ) E 1 ENGENHEIRO ( CONSIDERADO EM 1 MÊS DE OBRA , DISTRIBUIDO PROPORCIONALMENTE À CADA MÊS ) .
A24: 3 | E24: SERVIÇOS PRELIMINARES | G24: 1
A25: 3.1 | B25: 1083-COMP-TAXAS | C25: PROPRIA | D25: GERAL | E25: ART CONTRATO MAIOR QUE R$ 15.000,00 | F25: UND | G25: =SUM(H25:V25) -> 1 | H25: 1 | W25: Cobrança tabela CREA
A26: 3.2 | E26: DEMOLIÇÕES E REMOÇÕES | G26: 1
A27: 3.2.1 | B27: 1082-COMP-04.014.0095-0 | C27: PROPRIA | D27: GERAL | E27: RETIRADA DE ENTULHO DE OBRA COM CACAMBA DE ACO TIPO CONTAINER COM 5M3 DE CAPACIDADE,INCLUSIVE CARREGAMENTO,TRANSPORTE E DESCARREGAMENTO.CUSTO POR UNIDADE DE CACAMBA E INCLUI A TAXA PARA DESCARGA EM LOCAIS AUTORIZADOS 3%-DESGASTE DE FERRAMENTAS E EPI | F27: UND | G27: =SUM(H27:V27) -> 6 | H27: 6 | W27: Considerado 1 caçamba a cada mês de Obra
A28: 3.2.2 | B28: 1082-COMP-05.001.0086-0 | C28: PROPRIA | D28: GERAL | E28: REMOCAO DE TERRA OU ENTULHO,A PA,ATE A DISTANCIA HORIZONTAL DE 5,00M 3%- DESGASTE DE FERRAMENTAS E EPI | F28: m3 | G28: =X37 -> 35.37534
W29: DEMOLIÇÃO DE PISO DE CONCRETO SIMPLES | X29: =H38 -> 0.9375
W30: FUROS MANUAL/MECANIZADOL EM ALVENARIA /CONCRETO(160 FUROS ) | X30: 1
W31: REMOÇÃO DE FORRO DE GESSO ( 13,00m2) | X31: =115.44*0.02 -> 2.3088
W32: RASGO LINEAR MECANIZADO EM CONCRETO ( 335,00m) , largura 30cm , profundidade 15cm | X32: =335*0.3*0.15 -> 15.075
W33: ESCAVAÇÃO MANUAL DE VALA ( 45,77m3) . Considerar sobra de 15% . | X33: =45.77*0.15 -> 6.8655
W34: ESCAVAÇÃO MANUAL PARA BLOCO DE COROAMENTO OU SAPATA ( 2,05m3 ) . Considerar sobra de 50%. | X34: =2.05*0.5 -> 1.025
W35: Soma | X35: =SUM(X29:X34) -> 27.2118
W36: Empolamento (30%) | X36: =X35*0.3 -> 8.16354
W37: Total dos entulhos | X37: =X35+X36 -> 35.37534
A38: 3.2.3 | B38: 104789 | C38: SINAPI | D38: INCÊNDIO | E38: DEMOLIÇÃO DE PISO DE CONCRETO SIMPLES, DE FORMA MANUAL, SEM REAPROVEITAMENTO. AF_09/2023 | F38: M3 | G38: =SUM(H38:V38) -> 0.9375 | H38: =1*6.25*0.15 -> 0.9375 | W38: Demolição do piso da Cantina existente (2,5x2,50) = 6,25m2 para piso , espessura 15cm .
A39: 3.2.4 | B39: 104758 | C39: SINAPI | D39: GERAL | E39: FURO MANUAL EM ALVENARIA, PARA INSTALAÇÕES ELÉTRICAS, DIÂMETROS MENORES OU IGUAIS A 40 MM. AF_09/2023 | F39: UN | G39: =SUM(G40:G42) -> 122
B40: 104758-a | C40: SINAPI | D40: INCÊNDIO | E40: FURO MANUAL EM ALVENARIA, PARA INSTALAÇÕES ELÉTRICAS, DIÂMETROS MENORES OU IGUAIS A 40 MM. AF_09/2023 | F40: UN | G40: =SUM(H40:V40) -> 33 | I40: 4 | J40: 3 | L40: 6 | N40: 4 | O40: 4 | P40: 4 | Q40: 2 | S40: 6 | W40: Considerado para passagem da tubulação elétrica da iluminaçao de emergência
B41: 104758-b | C41: SINAPI | D41: SDAI | E41: FURO MANUAL EM ALVENARIA, PARA INSTALAÇÕES ELÉTRICAS, DIÂMETROS MENORES OU IGUAIS A 40 MM. AF_09/2023 | F41: UN | G41: =SUM(H41:V41) -> 86 | I41: 14 | J41: 12 | L41: 10 | N41: 15 | O41: 12 | P41: 12 | Q41: 2 | S41: 6 | U41: 3 | W41: Considerado para passagem da tubulação elétrica de SDAI
B42: 104758-c | C42: SINAPI | D42: SPDA | E42: FURO MANUAL EM ALVENARIA, PARA INSTALAÇÕES ELÉTRICAS, DIÂMETROS MENORES OU IGUAIS A 40 MM. AF_09/2023 | F42: UN | G42: =SUM(H42:V42) -> 3 | J42: 1 | N42: 1 | S42: 1 | W42: Entrada do Cabo de ligação haste/BEP .Instalação de SPDA
A43: 3.2.5 | B43: 104769 | C43: SINAPI | D43: INCÊNDIO | E43: FURO MECANIZADO EM ALVENARIA, PARA INSTALAÇÕES HIDRÁULICAS, DIÂMETROS MAIORES QUE 40 MM E MENORES OU IGUAIS A 75 MM. AF_09/2023 | F43: UN | G43: =SUM(H43:V43) -> 14 | I43: 2 | N43: 3 | O43: 3 | P43: 3 | S43: 3 | W43: Passagem da tubulação do SHP
A44: 3.2.6 | B44: 90436 | C44: SINAPI | D44: INCÊNDIO | E44: FURO MANUAL EM ALVENARIA, PARA INSTALAÇÕES HIDRÁULICAS, DIÂMETROS MENORES OU IGUAIS A 40 MM. AF_09/2023 | F44: UN | G44: =SUM(H44:V44) -> 3 | U44: 3 | W44: Na CMI , para reloacão do Barrilete de Recalque e tubulação de escorva
A45: 3.2.7 | B45: 104774 | C45: SINAPI | D45: GERAL | E45: FURO MECANIZADO EM CONCRETO, COM PERFURATRIZ, PARA INSTALAÇÕES ELÉTRICAS, DIÂMETROS MENORES OU IGUAIS A 40 MM. AF_09/2023 | F45: UN | G45: =G46+G47 -> 23
B46: 104774-a | C46: SINAPI | D46: INCÊNDIO | E46: FURO MECANIZADO EM CONCRETO, COM PERFURATRIZ, PARA INSTALAÇÕES ELÉTRICAS, DIÂMETROS MENORES OU IGUAIS A 40 MM. AF_09/2023 | F46: UN | G46: =SUM(H46:V46) -> 16 | I46: 2 | J46: 2 | N46: 2 | O46: 2 | P46: 2 | Q46: 2 | S46: 4 | W46: Considerado para passagem da tubulação elétrica da iluminaçao de emergência
B47: 104774-b | C47: SINAPI | D47: SDAI | E47: FURO MECANIZADO EM CONCRETO, COM PERFURATRIZ, PARA INSTALAÇÕES ELÉTRICAS, DIÂMETROS MENORES OU IGUAIS A 40 MM. AF_09/2023 | F47: UN | G47: =SUM(H47:V47) -> 7 | I47: 1 | J47: 1 | L47: 1 | N47: 1 | O47: 1 | P47: 1 | S47: 1 | W47: Considerado 1 por pavimento . Para SDAI.
A48: 3.2.8 | B48: 104775 | C48: SINAPI | D48: INCÊNDIO | E48: FURO MECANIZADO EM CONCRETO, COM PERFURATRIZ, PARA INSTALAÇÕES HIDRÁULICAS, DIÂMETROS MAIORES QUE 40 MM E MENORES OU IGUAIS A 75 MM. AF_09/2023 | F48: UN | G48: =SUM(H48:U48) -> 4 | I48: 1 | N48: 1 | O48: 1 | P48: 1 | W48: Passagem da tubulação do SHP entre pavimentos.
A49: 3.2.9 | B49: 104786 | C49: SINAPI | D49: GERAL | E49: RASGO LINEAR MECANIZADO EM CONCRETO, PARA RAMAIS/ DISTRIBUIÇÃO DE INSTALAÇÕES HIDRÁULICAS, DIÂMETROS MENORES OU IGUAIS A 40 MM. AF_09/2023 | F49: m | G49: =H50+H51+H52 -> 335
B50: 104786-a | C50: SINAPI | D50: INCÊNDIO | E50: RASGO LINEAR MECANIZADO EM CONCRETO, PARA RAMAIS/ DISTRIBUIÇÃO DE INSTALAÇÕES HIDRÁULICAS, DIÂMETROS MENORES OU IGUAIS A 40 MM. AF_09/2023 | F50: m | G50: =SUM(H50:V50) -> 250 | H50: =100+150 -> 250 | W50: Passagem do SHP; Mediçao em planta
B51: 104786-b | C51: SINAPI | D51: SDAI | E51: RASGO LINEAR MECANIZADO EM CONCRETO, PARA RAMAIS/ DISTRIBUIÇÃO DE INSTALAÇÕES HIDRÁULICAS, DIÂMETROS MENORES OU IGUAIS A 40 MM. AF_09/2023 | F51: m | G51: =SUM(H51:V51) -> 15 | H51: 15 | W51: Pasagem da tubulação de SDAI . Medição em planta
B52: 104786-c | C52: SINAPI | D52: SPDA | E52: RASGO LINEAR MECANIZADO EM CONCRETO, PARA RAMAIS/ DISTRIBUIÇÃO DE INSTALAÇÕES HIDRÁULICAS, DIÂMETROS MENORES OU IGUAIS A 40 MM. AF_09/2023 | F52: m | G52: =SUM(H52:V52) -> 70 | H52: 70 | W52: Passagem do cabo de aterramento .Medição em planta.
A53: 3.2.10 | B53: 97641 | C53: SINAPI | D53: GERAL | E53: REMOÇÃO DE FORRO DE GESSO, DE FORMA MANUAL, SEM REAPROVEITAMENTO. AF_09/2023 | F53: M2 | G53: =G54+G55 -> 115.4405
B54: 97641-a | C54: SINAPI | D54: INCÊNDIO | E54: REMOÇÃO DE FORRO DE GESSO, DE FORMA MANUAL, SEM REAPROVEITAMENTO. AF_09/2023 | F54: M2 | G54: =SUM(H54:V54) -> 49.4745 | H54: =H291 -> 0 | I54: =I291 -> 25.167 | J54: =J291 -> 18.4125 | L54: =L291 -> 0 | N54: =N291 -> 5.895 | O54: =O291 -> 0 | P54: =P291 -> 0 | Q54: =Q291 -> 0 | S54: =S291 -> 0 | U54: =U291 -> 0 | W54: Considerado a aplicação em 15% da área do pavimento ( passagem de tubulaçao )
B55: 97641-b | C55: SINAPI | D55: SDAI | E55: REMOÇÃO DE FORRO DE GESSO, DE FORMA MANUAL, SEM REAPROVEITAMENTO. AF_09/2023 | F55: M2 | G55: =SUM(H55:V55) -> 65.966 | H55: =H292 -> 0 | I55: =I292 -> 33.556 | J55: =J292 -> 24.55 | L55: =L292 -> 0 | N55: =N292 -> 7.86 | O55: =O292 -> 0 | P55: =P292 -> 0 | Q55: =Q292 -> 0 | S55: =S292 -> 0 | U55: =U292 -> 0 | W55: Considerado a aplicação em 20% da área do pavimento ( passagem de tubulaçao )
A56: 3.2.11 | B56: 97622 | C56: SINAPI | D56: INCÊNDIO | E56: DEMOLIÇÃO DE ALVENARIA DE BLOCO FURADO, DE FORMA MANUAL, SEM REAPROVEITAMENTO. AF_09/2023 | F56: M3 | G56: =SUM(H56:V56) -> 1.0455 | H56: =(2*(1.25*1.7)+(1.6*1.7))*0.15 -> 1.0455 | W56: Demolição das paredes da casa de bombas existente (1,25x1,60x1,70)m . Espessura 15cm .
A57: 3.2.12 | B57: 97628 | C57: SINAPI | D57: INCÊNDIO | E57: DEMOLIÇÃO DE LAJES, EM CONCRETO ARMADO, DE FORMA MANUAL, SEM REAPROVEITAMENTO. AF_09/2023 | F57: M3 | G57: =SUM(H57:V57) -> 0.47875 | H57: =1*2.4*0.15 -> 0.36 | P57: 1 | S57: 1 | U57: =1.9*0.25*0.25 -> 0.11875 | W57: Demolição do teto da casa de bombas existente (1,25x1,60) = 2,40m2 para o teto , , espessura 15cm + piso da subestação para parede corta fogo (1,9x0,25x0,25)
A58: 3.2.13 | B58: 97640 | C58: SINAPI | D58: INCÊNDIO | E58: REMOÇÃO DE FORROS DE DRYWALL, PVC E FIBROMINERAL, DE FORMA MANUAL, SEM REAPROVEITAMENTO. AF_09/2023 | F58: M2 | G58: =SUM(H58:V58) -> 306.6195 | N58: =520.36*0.15 -> 78.054 | O58: =675.01*0.15 -> 101.2515 | P58: =340.49*0.15 -> 51.0735 | S58: =508.27*0.15 -> 76.2405 | W58: Considerado a aplicação em 15% da área do pavimento ( passagem de tubulaçao )
A59: 3.2.14 | B59: 97644 | C59: SINAPI | D59: INCÊNDIO | E59: REMOÇÃO DE PORTAS, DE FORMA MANUAL, SEM REAPROVEITAMENTO. AF_09/2023 | F59: UN | G59: =SUM(I59:V59) -> 1 | S59: 1 | W59: Retirada da porta da Subestação
A60: 3.2.15 | B60: 1082-COMP-HID-04 | C60: PROPRIA | D60: INCÊNDIO | E60: FURO MECANIZADO EM MADEIRA, COM PERFURATRIZ, PARA INSTALAÇÕES HIDRÁULICAS, DIÂMETROS MAIORES QUE 40 MM E MENORES OU IGUAIS A 75 MM. | F60: UN | G60: =SUM(H60:V60) -> 2 | H60: 1 | I60: 1 | W60: Passagem da tubulação do SHP
A61: 3.2.16 | B61: 1082-COMP-HID-05 | C61: PROPRIA | D61: INCÊNDIO | E61: FURO MECANIZADO EM MADEIRA, COM PERFURATRIZ, PARA INSTALAÇÕES HIDRÁULICAS, DIÂMETROS MENORES OU IGUAL QUE 40 MM | F61: UN | G61: =SUM(H61:V61) -> 4 | H61: 2 | I61: 2 | W61: Passagem da tubulação do Iluminaçao de emergencia e SDAI.
A62: 3.2.17 | B62: 97640 | C62: SINAPI | D62: SDAI | E62: REMOÇÃO DE FORROS DE DRYWALL, PVC E FIBROMINERAL, DE FORMA MANUAL, SEM REAPROVEITAMENTO. AF_09/2023 | F62: M2 | G62: =SUM(H62:V62) -> 408.826 | N62: =520.36*0.2 -> 104.072 | O62: =675.01*0.2 -> 135.002 | P62: =340.49*0.2 -> 68.098 | S62: =508.27*0.2 -> 101.654 | W62: Considerado a remoção em 20% da área do pavimento ( passagem de tubulaçao )
A63: 3.2.18 | B63: 100329 | C63: SINAPI | D63: SPDA | E63: RETIRADA E RECOLOCAÇÃO DE TELHA CERÂMICA DE ENCAIXE, COM MAIS DE DUAS ÁGUAS, INCLUSO IÇAMENTO. AF_07/2019 | F63: M2 | G63: =SUM(H63:V63) -> 280.665 | K63: =0.25*122.75 -> 30.6875 | R63: =0.25*(675.01+324.9) -> 249.9775 | W63: Área de Projeçao do Telhado de 815,00m3 . Considerar a intervenção em 25% do telhado .
A64: 3.2.19 | B64: 104795 | C64: SINAPI | D64: SPDA | E64: REMOÇÃO DE CABOS ELÉTRICOS, COM SEÇÃO DE 25 MM², FORMA MANUAL, SEM REAPROVEITAMENTO. AF_09/2023 | F64: M | G64: =SUM(H64:V64) -> 48 | R64: 36 | T64: 12 | W64: Retirada de condutores de aterramento existentes.
A65: 3.2.20 | B65: 97637 | C65: SINAPI | D65: GERAL | E65: REMOÇÃO DE TAPUME/ CHAPAS METÁLICAS E DE MADEIRA, DE FORMA MANUAL, SEM REAPROVEITAMENTO. AF_09/2023 | F65: M2 | G65: =SUM(H65:V65) -> 34.2 | H65: =H75 -> 34.2 | W65: Remoção do Tapume do item 3.3.9
A66: 3.3 | E66: CANTEIRO DE OBRAS | G66: 1
A67: 3.3.1 | B67: 103689 | C67: SINAPI | D67: GERAL | E67: FORNECIMENTO E INSTALAÇÃO DE PLACA DE OBRA COM CHAPA GALVANIZADA E ESTRUTURA DE MADEIRA. AF_03/2022_PS | F67: M2 | G67: =SUM(H67:V67) -> 2 | H67: 2 | W67: Placa com 2x1m
A68: 3.3.2 | B68: 1082-COMP-AD 20.20.0050 | C68: PROPRIA | D68: GERAL | E68: Instalacao e ligacao provisorias de alimentacao de energia eletrica, em baixa tensao (BT), para canteiro de obras, exclusive o fornecimento do medidor. | F68: UND | G68: =SUM(H68:V68) -> 1 | H68: 1 | W68: Para o canteiro de Obras
A69: 3.3.3 | B69: 012057 | C69: SBC | D69: GERAL | E69: CONTAINER ESCRITORIO 6,05x2,44x2,57 COM ACABAMENTO EM PVC | F69: mês | G69: =SUM(H69:V69) -> 6 | H69: 6 | W69: Considerado 6 meses de Obra
A70: 3.3.4 | B70: 04.005.0300-0 | C70: EMOP | D70: GERAL | E70: TRANSPORTE DE CONTAINER,SEGUNDO DESCRICAO DA FAMILIA 02.006, EXCLUSIVE CARGA E DESCARGA(VIDE ITEM 04.013.0015) | F70: UNDXKM | G70: =SUM(H70:V70) -> 30 | H70: 30 | W70: Considerado um deslocamento de 15KM ( carga e descarga )
A71: 3.3.5 | B71: 1082-COMP-04.013.0015-0 | C71: PROPRIA | D71: GERAL | E71: CARGA E DESCARGA DE CONTAINER,SEGUNDO DESCRICAO DA FAMILIA 0 2.006 3%-DESGASTE DE FERRAMENTAS E EPI | F71: UND | G71: =SUM(H71:V71) -> 2 | H71: 2 | W71: Considerado uma vez ( carga e descarga )
A72: 3.3.6 | B72: 05.006.0001-B | C72: EMOP | D72: GERAL | E72: LOCACAO DE ANDAIME COM ELEMENTOS TUBULARES SOBRE SAPATAS FIXAS,CONSIDERANDO-SE A AREA DA PROJECAO VERTICAL DO ANDAIME E PAGO PELO TEMPO NECESSARIO A SUA UTILIZACAO,EXCLUSIVE TRANSP ORTE DOS ELEMENTOS DO ANDAIME ATE A OBRA,PLATAFORMA OU PASSA RELA DE PINHO,MONTAGEM E DESMONTAGEM DOS ANDAIMES | F72: M2xMES | G72: =SUM(H72:V72) -> 48 | H72: 48 | W72: Considerado a utilização de 12 m2/mês durante 4 meses. Uso interno na Obra para serviços junto aos tetos .
A73: 3.3.7 | B73: 1082-COMP-05.008.0009-0 | C73: PROPRIA | D73: GERAL | E73: MOVIMENTACAO HORIZONTAL DE ANDAIME COM ELEMENTOS TUBULARES T IPO TORRE 3%-DESGASTE DE FERRAMENTAS E EPI | F73: M | G73: =SUM(H73:V73) -> 200 | H73: 200 | W73: Considerado 50m em cada mês . 4 meses de Obra.
A74: 3.3.8 | B74: 04.020.0122-0 | C74: EMOP | D74: GERAL | E74: TRANSPORTE DE ANDAIME TUBULAR,CONSIDERANDO-SE A AREA DE PROJ ECAO VERTICAL DO ANDAIME,EXCLUSIVE CARGA,DESCARGA E TEMPO DE ESPERA DO CAMINHAO(VIDE ITEM 04.021.0010) | F74: M2xKM | G74: =SUM(H74:V74) -> 1440 | H74: =2*(48*15) -> 1440 | W74: Considerado um deslocamento de 15KM ( carga e descarga ) , para 48m2 de andaime.
A75: 3.3.9 | B75: 98457 | C75: SINAPI | D75: GERAL | E75: TAPUME COM CHAPA METÁLICA. AF_03/2024 | F75: M2 | G75: =SUM(H75:V75) -> 34.2 | H75: =17.1*2 -> 34.2 | W75: Fechamento de Perímetro de 17,10m x 2,0m de altura . Indicado em Projeto Executivo.
A76: 3.3.10 | B76: 1083-COMP-9126 | C76: PROPRIA | D76: GERAL | E76: LINHA DE VIDA HORIZONTAL PROVISÓRIA EM CORDA PARA TRABALHOS EM COBERTURAS E TELHADOS | F76: M | G76: =SUM(H76:V76) -> 125 | K76: 45 | R76: 80 | W76: Linha de vida instalada ao longo de 45m da cobertura .dos Blocos A e C ( 2 águas )
A77: 3.3.11 | B77: 1082-COMP-MOB-01 | C77: PROPRIA | D77: GERAL | E77: MOBILIZACAO DE CANTEIRO | F77: UND | G77: =SUM(H77:V77) -> 1 | H77: 1 | W77: Na Implantação da Obra
A78: 3.3.12 | B78: MT 05.40.0150 | C78: SCO | D78: GERAL | E78: Cerca protetora de borda de vala, construida com montantes de madeira serrada de (7,5 x 7,5)cm, com 1,50m de comprimento, ficando 0,50m enterrado, com intervalo de 6m e 1 linha de fita plastica zebrada, horizontal, com aproveitamento de 3 vezes da madeira. | F78: M | G78: =SUM(H78:V78) -> 50 | H78: 50 | W78: Na Implantação da Obra . Proteção nas valas . Considerado trecho de 50m.
A79: 3.3.13 | B79: MT 05.40.0250 | C79: SCO | D79: GERAL | E79: Retirada e recolocacao de cerca protetora de vala, construida com montantes de (3"x3") de Pinho de 3a, com 1,50m de comprimento, com intervalo de 6m e 1 linha de fita plastica zebrada, horizontal, exceto materiais. | F79: M | G79: =SUM(H79:V79) -> 200 | H79: 200 | W79: Na Implantação da Obra . Proteção nas valas . Considerado trecho de 50m. Aproveitamento de 3 vezes da madeira .
A80: 3.3.14 | B80: 05.008.0001-0 | C80: EMOP | D80: GERAL | E80: MONTAGEM E DESMONTAGEM DE ANDAIME COM ELEMENTOS TUBULARES,CO NSIDERANDO-SE A AREA VERTICAL RECOBERTA 3%-DESGASTE DE FERRAMENTAS E EPI | F80: M2 | G80: =SUM(H80:V80) -> 300 | H80: 300 | W80: Considerado 75m2/mês à cada 4,0 meses
A81: 3.4 | E81: SEGURANÇA E SAÚDE | G81: 1 | H81: 1
A82: 3.4.1 | B82: 1082-PGR-ENGSEG | C82: PROPRIA | D82: GERAL | E82: PGR (PROGRAMA DE GERENCIAMENTO DE RISCOS) DA OBRA ELABORADO POR PROFISSIONAL ESPECIALISTA EM SEGURANÇA DO TRABALHO | F82: UND | G82: =SUM(H82:V82) -> 1 | H82: 1 | W82: 1 Programa
A83: 3.4.2 | B83: 016691 | C83: SBC | D83: GERAL | E83: ATESTADO PCMSO (NR7)- ANUAL | F83: UND | G83: =SUM(H83:V83) -> 1 | H83: 1 | W83: 1 Atestado válido para 1 Ano .
A84: 4 | E84: MOVIMENTO DE TERRA/BANCO DE DUTOS/CAIXAS SUBTERRANEAS | G84: 1
A85: 4.1 | B85: 94969 | C85: SINAPI | D85: GERAL | E85: CONCRETO FCK = 15MPA, TRAÇO 1:3,4:3,5 (EM MASSA SECA DE CIMENTO/ AREIA MÉDIA/ BRITA 1) - PREPARO MECÂNICO COM BETONEIRA 600 L. AF_05/2021 | F85: M3 | G85: =G86+G87 -> 4.5
B86: 94969-a | C86: SINAPI | D86: INCÊNDIO | E86: CONCRETO FCK = 15MPA, TRAÇO 1:3,4:3,5 (EM MASSA SECA DE CIMENTO/ AREIA MÉDIA/ BRITA 1) - PREPARO MECÂNICO COM BETONEIRA 600 L. AF_05/2021 | F86: M3 | G86: =SUM(H86:V86) -> 3.875 | H86: =(H181)*0.25*0.05+(H132)*0.4*0.05 -> 3.875 | W86: Uso para camada de proteção na vala . Camada com 5cm de espessura nas valas abertas abaixo.[
B87: 94969-b | C87: SINAPI | D87: SDAI | E87: CONCRETO FCK = 15MPA, TRAÇO 1:3,4:3,5 (EM MASSA SECA DE CIMENTO/ AREIA MÉDIA/ BRITA 1) - PREPARO MECÂNICO COM BETONEIRA 600 L. AF_05/2021 | F87: M3 | G87: =SUM(H87:V87) -> 0.625 | H87: =(H245+H246+7)*0.25*0.05 -> 0.625 | W87: Uso para proteção na vala . Camada com 5cm de espessura
A88: 4.2 | B88: 93358 | C88: SINAPI | D88: GERAL | E88: ESCAVAÇÃO MANUAL DE VALA COM PROFUNDIDADE MENOR OU IGUAL A 1,30 M. | F88: M3 | G88: =G89+G90+G91 -> 45.765
B89: 93358-a | C89: SINAPI | D89: INCÊNDIO | E89: ESCAVAÇÃO MANUAL DE VALA COM PROFUNDIDADE MENOR OU IGUAL A 1,30 M. | F89: M3 | G89: =SUM(H89:V89) -> 38.75 | H89: =(H181)*0.5*0.25+(H132)*0.5*0.4 -> 38.75 | W89: Medição em planta . Vala com 50x25cm com 150M para o SHP . Vala com 50x40cm com 100M para o SHP e Eletrica de alimentação do QCM-I.
B90: 93358-b | C90: SINAPI | D90: SDAI | E90: ESCAVAÇÃO MANUAL DE VALA COM PROFUNDIDADE MENOR OU IGUAL A 1,30 M. | F90: M3 | G90: =SUM(H90:V90) -> 0.015 | H90: =0.15*0.5*0.2 -> 0.015 | W90: Abertura de 15m de valas com 0,5x0,2m
B91: 93358-c | C91: SINAPI | D91: SPDA | E91: ESCAVAÇÃO MANUAL DE VALA COM PROFUNDIDADE MENOR OU IGUAL A 1,30 M. | F91: M3 | G91: =SUM(H91:V91) -> 7 | H91: =70*0.5*0.2 -> 7 | W91: Abertura de 70m de valas com 0,5x0,2m
A92: 4.3 | B92: 96523 | C92: SINAPI | D92: INCÊNDIO | E92: ESCAVAÇÃO MANUAL PARA BLOCO DE COROAMENTO OU SAPATA (INCLUINDO ESCAVAÇÃO PARA COLOCAÇÃO DE FÔRMAS). AF_01/2024 | F92: M3 | G92: =SUM(H92:V92) -> 2.048 | U92: =4*(0.8*0.8*0.8) -> 2.048 | W92: Estimativa para a CMI
A93: 4.4 | B93: 93382 | C93: SINAPI | D93: GERAL | E93: REATERRO MANUAL DE VALAS, COM COMPACTADOR DE SOLOS DE PERCUSSÃO. AF_08/2023 | F93: M3 | G93: =SUM(G94:G97) -> 91.689
B94: 93382-a | C94: SINAPI | D94: GERAL | E94: REATERRO MANUAL DE VALAS, COM COMPACTADOR DE SOLOS DE PERCUSSÃO. AF_08/2023 | F94: M3 | G94: =SUM(H94:V94) -> 38.75 | H94: =H89 -> 38.75 | W94: Medição em planta . Vala com 50x25cm com 150M para o SHP . Vala com 50x40cm com 100M para o SHP e Eletrica de alimentação do QCM-I.
B95: 93382-b | C95: SINAPI | D95: GERAL | E95: REATERRO MANUAL DE VALAS, COM COMPACTADOR DE SOLOS DE PERCUSSÃO. AF_08/2023 | F95: M3 | G95: =SUM(H95:V95) -> 0.015 | H95: =H90 -> 0.015 | W95: Medição em planta . Vala com 50x25cm
B96: 93382-c | C96: SINAPI | D96: GERAL | E96: REATERRO MANUAL DE VALAS, COM COMPACTADOR DE SOLOS DE PERCUSSÃO. AF_08/2023 | F96: M3 | G96: =SUM(H96:V96) -> 51.9 | H96: =24*0.5*0.2 -> 2.4 | J96: =100*0.5*0.2 -> 10 | N96: =130*0.5*0.2 -> 13 | Q96: =135*0.5*0.2 -> 13.5 | U96: =130*0.5*0.2 -> 13 | W96: Recobimento do item acima
B97: 93382-d | C97: SINAPI | D97: GERAL | E97: REATERRO MANUAL DE VALAS, COM COMPACTADOR DE SOLOS DE PERCUSSÃO. AF_08/2023 | F97: M3 | G97: =SUM(H97:V97) -> 1.024 | U97: =U92/2 -> 1.024 | W97: Estimativa para a CMI .50% da escavação dos blocos de fundação .
A98: 4.5 | B98: 101805 | C98: SINAPI | D98: INCÊNDIO | E98: CAIXA ENTERRADA SEPARADORA DE ÓLEO RETANGULAR, EM ALVENARIA COM BLOCOS DE CONCRETO, DIMENSÕES INTERNAS: 1,00 X 1,00 X 1,00 M, EXCLUINDO TAMPÃO. AF_12/2020 | F98: UN | G98: =SUM(H98:V98) -> 1 | S98: 1 | W98: Caixa necessária para a Coleta de óleo dos transformadores , na subestação
A99: 4.6 | B99: 98114 | C99: SINAPI | D99: INCÊNDIO | E99: TAMPA CIRCULAR PARA ESGOTO E DRENAGEM, EM FERRO FUNDIDO, DIÂMETRO INTERNO = 0,6 M. AF_12/2020 | F99: UN | G99: =SUM(H99:V99) -> 1 | S99: 1 | W99: Usada na caixa Coleta de óleo na subestação
A100: 5 | E100: INFRAESTRUTURA: FUNDAÇÕES SIMPLES (OU DIRETAS ) | G100: 1
A101: 5.1 | B101: 96616 | C101: SINAPI | D101: INCÊNDIO | E101: LASTRO DE CONCRETO MAGRO, APLICADO EM BLOCOS DE COROAMENTO OU SAPATAS. AF_01/2024 | F101: M3 | G101: =SUM(H101:V101) -> 1 | U101: 1 | W101: Estimativa para a CMI
A102: 5.2 | B102: 96532 | C102: SINAPI | D102: INCÊNDIO | E102: FABRICAÇÃO, MONTAGEM E DESMONTAGEM DE FÔRMA PARA SAPATA, EM MADEIRA SERRADA, E=25 MM, 2 UTILIZAÇÕES. AF_01/2024 | F102: m2 | G102: =SUM(H102:V102) -> 1.44 | U102: =4*(0.6*0.6) -> 1.44 | W102: Estimativa para a CMI
A103: 5.3 | B103: 96558 | C103: SINAPI | D103: INCÊNDIO | E103: CONCRETAGEM DE SAPATA, FCK 30 MPA, COM USO DE BOMBA - LANÇAMENTO, ADENSAMENTO E ACABAMENTO. AF_01/2024 | F103: M3 | G103: =SUM(H103:V103) -> 0.864 | U103: =4*(0.6*0.6*0.6) -> 0.864 | W103: Estimativa para a CMI
A104: 5.4 | B104: 101963 | C104: SINAPI | D104: INCÊNDIO | E104: LAJE PRÉ-MOLDADA UNIDIRECIONAL, BIAPOIADA, PARA PISO, ENCHIMENTO EM CERÂMICA, VIGOTA CONVENCIONAL, ALTURA TOTAL DA LAJE (ENCHIMENTO+CAPA) = (8+4). AF_11/2020 | F104: M2 | G104: =SUM(H104:V104) -> 4.63 | U104: 4.63 | W104: Laje do teto da CMI ( 2,15X2,25)=4,63m2
A105: 5.5 | B105: 96544 | C105: SINAPI | D105: INCÊNDIO | E105: ARMAÇÃO DE BLOCO UTILIZANDO AÇO CA-50 DE 6,3 MM - MONTAGEM. AF_01/2024 | F105: kg | G105: =SUM(H105:V105) -> 15 | U105: 15 | W105: Estimativa para a CMI
A106: 6 | E106: SUPERESTRUTURA | G106: 1
A107: 6.1 | B107: 92269 | C107: SINAPI | D107: INCÊNDIO | E107: FABRICAÇÃO DE FÔRMA PARA PILARES E ESTRUTURAS SIMILARES, EM MADEIRA SERRADA, E=25 MM. AF_09/2020 | F107: m2 | G107: =SUM(H107:V107) -> 8.64 | U107: =8*(0.4*1.8)+8*0.2*1.8 -> 8.64 | W107: Estimativa para a CMI
A108: 6.2 | B108: 101964 | C108: SINAPI | D108: INCÊNDIO | E108: LAJE PRÉ-MOLDADA UNIDIRECIONAL, BIAPOIADA, PARA FORRO, ENCHIMENTO EM CERÂMICA, VIGOTA CONVENCIONAL, ALTURA TOTAL DA LAJE (ENCHIMENTO+CAPA) = (8+3). AF_11/2020 | F108: M2 | G108: =SUM(H108:V108) -> 4.63 | U108: 4.63 | W108: Laje do teto da CMI ( 2,15X2,25)=4,63m2
A109: 6.3 | B109: 92760 | C109: SINAPI | D109: INCÊNDIO | E109: ARMAÇÃO DE PILAR OU VIGA DE ESTRUTURA CONVENCIONAL DE CONCRETO ARMADO UTILIZANDO AÇO CA-50 DE 6,3 MM - MONTAGEM. AF_06/2022 | F109: kg | G109: =SUM(H109:V109) -> 60 | U109: 60 | W109: Estimativa para a CMI
A110: 6.4 | B110: 94966 | C110: SINAPI | D110: INCÊNDIO | E110: CONCRETO FCK = 30MPA, TRAÇO 1:2,1:2,5 (EM MASSA SECA DE CIMENTO/ AREIA MÉDIA/ BRITA 1) - PREPARO MECÂNICO COM BETONEIRA 400 L. AF_05/2021 | F110: m3 | G110: =SUM(H110:V110) -> 2.514 | U110: =8*0.15+4*(2.5*0.15*0.3)+4*(0.6*0.6*0.6) -> 2.514 | W110: Estimativa para a CMI
...

Sheet BDI
A11: PLANILHA DE MEMÓRIA DE CÁLCULO DE BDI - BÔNUS E DESPESAS INDIRETAS PRINCIPAL
A12: =Planilha!A12 -> UFF- INSTITUTO DE ARTES E COMUNICAÇÃO SOCIAL - IACS | E12: =Planilha!E12 -> PROCESSO: 23069.163323/2021/57
A13: =Planilha!A13 -> LOCAL: Rua Prof. Lara Vilela, 126 - São Domingos, Niterói | E13: =Planilha!E13 -> ARTs 13076784
A14: =Planilha!A14 -> NOME DA OBRA: IACS | E14: =Planilha!E14 -> BDI | F14: =Planilha!F14 -> BDI EQUIP. | G14: =Planilha!G14 -> SIAPE | H14: =Planilha!H14 -> DATA | I14: =Planilha!I14 -> REVISÃO
A15: =Planilha!A15 -> BASE DE DADOS: BASES SINAPI , SBC ,EMOP , SCO /MÊS DE REFERÊNCIA DEZEMBRO/25 -ESTADO RJ - REGIME TRIBUTÁRIO : NÃO DESONERADO | E15: =Planilha!E15 -> 0.2627 | F15: =Planilha!F15 -> 0 | G15: =Planilha!G15 -> 0000000 | H15: =Planilha!H15 -> 46037 | I15: =Planilha!I15 -> R04

Sheet BDI Equip.
A11: PLANILHA DE MEMÓRIA DE CÁLCULO DE BDI - BÔNUS DE DESPESAS INDIRETAS - FORNECIMENTO DE EQUIPAMENTOS
A12: =Planilha!A12 -> UFF- INSTITUTO DE ARTES E COMUNICAÇÃO SOCIAL - IACS | E12: =Planilha!E12 -> PROCESSO: 23069.163323/2021/57
A13: =Planilha!A13 -> LOCAL: Rua Prof. Lara Vilela, 126 - São Domingos, Niterói | E13: =Planilha!E13 -> ARTs 13076784
A14: =Planilha!A14 -> NOME DA OBRA: IACS | E14: =Planilha!E14 -> BDI | F14: =Planilha!F14 -> BDI EQUIP. | G14: =Planilha!G14 -> SIAPE | H14: =Planilha!H14 -> DATA | I14: =Planilha!I14 -> REVISÃO
A15: =Planilha!A15 -> BASE DE DADOS: BASES SINAPI , SBC ,EMOP , SCO /MÊS DE REFERÊNCIA DEZEMBRO/25 -ESTADO RJ - REGIME TRIBUTÁRIO : NÃO DESONERADO | E15: =Planilha!E15 -> 0.2627 | F15: =Planilha!F15 -> 0 | G15: =Planilha!G15 -> 0000000 | H15: =Planilha!H15 -> 46037 | I15: =Planilha!I15 -> R04
B37: Demonstração:
B38: AC = taxa de Administração Central
B39: S = taxa de Seguros
B40: R = taxa de Riscos
B41: G = taxa de Garantias
B42: DF = taxa de Despesas Financeiras
B43: L = taxa de Lucro/ remuneração
B44: I = taxa de incidência de Impostos (PIS, COFINS e ISS)
B46: Administração Central (AC)
B47: Considerado = x % (varia entre 3 a 5,50% do custo direto da obra)
B49: Seguro + Garantia (S + G)
B50: Considerado =x% (varia entre 0,8 a 1,0% do custo da obra)
... B61: Tributos sobre o faturamento (I)
B63: TRIBUTO | D63: ALIQUOTA
B64: COFINS | D64: 0.03
B65: PIS/PASEP | D65: 0.0065
B66: ISS (Niterói) | D66: 0.03
B67: TOTAL | D67: =SUM(D64:D66) -> 0.0665
B69: CPRB (INSS) | D69: 0.045
F73: TABELA DE ISS - UNIDADES UFF
F74: ISS (%) | G74: UF | H74: MUNICÍPIO
F75: 3 | G75: RJ | H75: Niterói
F76: 5 | G76: RJ | H76: Angra dos Reis
F77: 5 | G77: RJ | H77: Cachoeira de Macacú
F78: 2 | G78: RJ | H78: Santo Antônio de Pádua
F79: 5 | G79: RJ | H79: Campos dos Goytacazes
F80: 2 | G80: RJ | H80: Macaé
F81: 5 | G81: RJ | H81: Nova Friburgo
F82: 2.5 | G82: RJ | H82: Rio das Ostras
F83: 2 | G83: RJ | H83: Volta Redonda
F84: 3 | G84: RJ | H84: Petropolis
F85: 5 | G85: PA | H85: Oriximiná

Sheet Enc. Sociais
A11: PLANILHA DE ENCARGOS SOCIAIS
A12: =Planilha!A12 -> UFF- INSTITUTO DE ARTES E COMUNICAÇÃO SOCIAL - IACS | E12: =Planilha!E12 -> PROCESSO: 23069.163323/2021/57
A13: =Planilha!A13 -> LOCAL: Rua Prof. Lara Vilela, 126 - São Domingos, Niterói | E13: =Planilha!E13 -> ARTs 13076784
A14: =Planilha!A14 -> NOME DA OBRA: IACS | E14: =Planilha!E14 -> BDI | F14: =Planilha!F14 -> BDI EQUIP. | G14: =Planilha!G14 -> SIAPE | H14: =Planilha!H14 -> DATA | I14: =Planilha!I14 -> REVISÃO
A15: =Planilha!A15 -> BASE DE DADOS: BASES SINAPI , SBC ,EMOP , SCO /MÊS DE REFERÊNCIA DEZEMBRO/25 -ESTADO RJ - REGIME TRIBUTÁRIO : NÃO DESONERADO | E15: =Planilha!E15 -> 0.2627 | F15: =Planilha!F15 -> 0 | G15: =Planilha!G15 -> 0000000 | H15: =Planilha!H15 -> 46037 | I15: =Planilha!I15 -> R04

Sheet CRONOGRAMA
A11: PLANILHA DE CRONOGRAMA FÍSICO-FINANCEIRO
A12: =Planilha!A12 -> UFF- INSTITUTO DE ARTES E COMUNICAÇÃO SOCIAL - IACS | E12: =Planilha!E12 -> PROCESSO: 23069.163323/2021/57
A13: =Planilha!A13 -> LOCAL: Rua Prof. Lara Vilela, 126 - São Domingos, Niterói | E13: =Planilha!E13 -> ARTs 13076784
A14: =Planilha!A14 -> NOME DA OBRA: IACS | E14: =Planilha!E14 -> BDI | F14: =Planilha!F14 -> BDI EQUIP. | G14: =Planilha!G14 -> SIAPE | H14: =Planilha!H14 -> DATA | I14: =Planilha!I14 -> REVISÃO
A15: =Planilha!A15 -> BASE DE DADOS: BASES SINAPI , SBC ,EMOP , SCO /MÊS DE REFERÊNCIA DEZEMBRO/25 -ESTADO RJ - REGIME TRIBUTÁRIO : NÃO DESONERADO | E15: =Planilha!E15 -> 0.2627 | F15: =Planilha!F15 -> 0 | G15: =Planilha!G15 -> 0000000 | H15: =Planilha!H15 -> 46037 | I15: =Planilha!I15 -> R04
A16: CRONOGRAMA FÍSICO-FINANCEIRO
A17: Item | B17: Descrição | C17: Total Por Etapa | D17: MÊS 1 | E17: MÊS 2 | F17: MÊS 3 | G17: MÊS 4 | H17: MÊS 5 | I17: MÊS 6
A18: 1 | B18: PROJETOS | C18: 100,00% 2.274,17 | F18: 20,00% 454,83 | G18: 20,00% 454,83 | H18: 20,00% 454,83 | I18: 40,00% 909,67
A19: 2 | B19: GERENCIAMENTO DE OBRAS / FISCALIZAÇÃO | C19: 100,00% 115.391,25 | D19: 4,97% 5.734,95 | E19: 11,22% 12.946,90 | F19: 23,64% 27.278,49 | G19: 19,06% 21.993,57 | H19: 33,08% 38.171,43 | I19: 8,03% 9.265,92
A20: 3 | B20: SERVIÇOS PRELIMINARES | C20: 100,00% 67.176,47 | D20: 60,00% 40.305,88 | E20: 40,00% 26.870,59
A21: 4 | B21: MOVIMENTO DE TERRA/BANCO DE DUTOS/CAIXAS SUBTERRANEAS | C21: 100,00% 17.834,09 | D21: 25,00% 4.458,52 | E21: 50,00% 8.917,05 | F21: 25,00% 4.458,52
A22: 5 | B22: INFRAESTRUTURA: FUNDAÇÕES SIMPLES (OU DIRETAS ) | C22: 100,00% 4.106,45 | E22: 50,00% 2.053,23 | F22: 50,00% 2.053,23
A23: 6 | B23: SUPERESTRUTURA | C23: 100,00% 5.541,70 | E23: 50,00% 2.770,85 | F23: 50,00% 2.770,85
A24: 7 | B24: ALVENARIA | C24: 100,00% 2.393,98 | E24: 25,00% 598,50 | F24: 50,00% 1.196,99 | G24: 25,00% 598,50
A25: 8 | B25: ESQUADRIAS | C25: 100,00% 57.765,90 | F25: 50,00% 28.882,95 | G25: 25,00% 14.441,48 | H25: 25,00% 14.441,48
A26: 9 | B26: INSTALAÇÕES ELÉTRICAS E SPDA | C26: 100,00% 184.404,65 | E26: 10,00% 18.440,47 | F26: 20,00% 36.880,93 | G26: 20,00% 36.880,93 | H26: 40,00% 73.761,86 | I26: 10,00% 18.440,47
A27: 10 | B27: INSTALAÇOES DE COMBATE À INCÊNDIO | C27: 100,00% 415.192,86 | E27: 10,00% 41.519,29 | F27: 20,00% 83.038,57 | G27: 20,00% 83.038,57 | H27: 40,00% 166.077,14 | I27: 10,00% 41.519,29
A28: 11 | B28: IMPERMEABILIZAÇÃO, ISOLAMENTO TÉRMICO E ACÚSTICO | C28: 100,00% 1.101,01 | F28: 50,00% 550,51 | G28: 50,00% 550,51
A29: 12 | B29: PISO | C29: 100,00% 30.315,80 | F29: 50,00% 15.157,90 | G29: 25,00% 7.578,95 | H29: 25,00% 7.578,95
A30: 13 | B30: PINTURA E ACABAMENTOS | C30: 100,00% 62.775,53 | F30: 50,00% 31.387,77 | G30: 25,00% 15.693,88 | H30: 25,00% 15.693,88
A31: 14 | B31: FORROS | C31: 100,00% 26.779,24 | F31: 20,00% 5.355,85 | G31: 40,00% 10.711,70 | H31: 40,00% 10.711,70
A32: 15 | B32: REVESTIMENTOS DE PAREDE | C32: 100,00% 4.566,94 | F32: 20,00% 913,39 | G32: 40,00% 1.826,78 | H32: 40,00% 1.826,78
A33: 16 | B33: SERVIÇOS COMPLEMENTARES | C33: 100,00% 19.204,01 | H33: 40,00% 7.681,60 | I33: 60,00% 11.522,41
A34: Porcentagem | D34: 4,97% | E34: 11,22% | F34: 23,64% | G34: 19,06% | H34: 33,08% | I34: 8,03%
A35: Custo | D35: 50.499,34 | E35: 114.116,85 | F35: 240.380,77 | G35: 193.769,68 | H35: 336.399,64 | I35: 81.657,74
A36: Porcentagem Acumulado | D36: 4,97% | E36: 16,19% | F36: 39,83% | G36: 58,89% | H36: 91,97% | I36: 100,0%
A37: Custo Acumulado | D37: 50.499,34 | E37: 164.616,19 | F37: 404.996,96 | G37: 598.766,64 | H37: 935.166,28 | I37: 1.016.824,05
A40: _______________________________________________________________ OTAVIANO CARAN Sócio/CEO/Proprietário
C41: Otaviano Caran

Sheet Mapa Cotação
B11: PLANILHA DE COTAÇÕES DE ORÇAMENTOS
B12: =Planilha!A12 -> UFF- INSTITUTO DE ARTES E COMUNICAÇÃO SOCIAL - IACS | G12: =Planilha!E12 -> PROCESSO: 23069.163323/2021/57
B13: =Planilha!A13 -> LOCAL: Rua Prof. Lara Vilela, 126 - São Domingos, Niterói | G13: =Planilha!E13 -> ARTs 13076784
B14: =Planilha!A14 -> NOME DA OBRA: IACS | G14: =Planilha!E14 -> BDI | H14: =Planilha!F14 -> BDI EQUIP. | I14: =Planilha!G14 -> SIAPE | J14: =Planilha!H14 -> DATA | K14: =Planilha!I14 -> REVISÃO | L14: MEDIANA OU MENOR PREÇO DE ACORDO COM O ITEM
B15: =Planilha!A15 -> BASE DE DADOS: BASES SINAPI , SBC ,EMOP , SCO /MÊS DE REFERÊNCIA DEZEMBRO/25 -ESTADO RJ - REGIME TRIBUTÁRIO : NÃO DESONERADO | G15: =Planilha!E15 -> 0.2627 | H15: =Planilha!F15 -> 0 | I15: =Planilha!G15 -> 0000000 | J15: =Planilha!H15 -> 46037 | K15: =Planilha!I15 -> R04
A16: Nº DA COTAÇÃO | B16: ITEM PLANILHA | C16: CÓDIGO INSUMO | D16: DESCRIÇÃO | E16: und | F16: EMPRESA 1 | G16: EMPRESA 2 | H16: EMPRESA 3 | I16: EMPRESA 4 | J16: EMPRESA 5 | K16: VALOR (Mediana)
A17: 1 | B17: 9.2.1 | C17: 1082-SD-01 | D17: ADESIVO PARA SUPERFÍCIE POROSA, REF.: TEL 5904 TERMOTÉCNICA OU EQUIVALENTE | E17: kg | F17: ELETROMIL | G17: FETERLUZ | H17: STI | I17: Nome | J17: Nome | K17: =MEDIAN(F18:J18) -> 117
B18: Cotação | F18: 117 | G18: 118 | H18: 121 | I18: 0 | J18: 0
B19: Link
A20: 2
B21: 9.2.2 | C21: 1082-SPDA-10 | D21: BARRA CHATA EM ALUMINIO 7/8" X 1/8" X 3M (70MM2) TEL-771 | E21: m | F21: ELETROMIL | G21: FETERLUZ | H21: STI | I21: Nome | J21: Nome | K21: =MEDIAN(F22:J22) -> 15.666667
B22: Cotação | F22: =47/3 -> 15.666667 | G22: 18 | H22: 17 | I22: 0 | J22: 0
B23: Link
A24: 3
B25: 9.2.11 | C25: 1082-EL-10 | D25: CONJ PARAFUSO, PORCA E ARRUELA LATAO 1/4 X 1" | E25: und | F25: ELETROMIL | G25: FETERLUZ | H25: STI | I25: Nome | J25: Nome | K25: =MEDIAN(F26:J26) -> 8.7
B26: Cotação | F26: 8.7 | G26: 8.8 | H26: 9.5 | I26: 0 | J26: 0
B27: Link
A28: 4
B29: 9.2.13 | C29: 1082-SPDA-12 | D29: CURVA 90º BARRA CHATA ALUM 7/8"X1/8"X300MM TEL 778 | E29: und | F29: ELETROMIL | G29: FETERLUZ | H29: STI | I29: Nome | J29: Nome | K29: =MEDIAN(F30:J30) -> 16.7
B30: Cotação | F30: 16.7 | G30: 17 | H30: 18.3 | I30: 0 | J30: 0
B31: Link
A32: 5
B33: 9.2.17 | C33: 1082-SPDA-13-A | D33: ADESIVO POLIURETANO FLEXIVEL BISNAGA 300ML | E33: und | F33: DISTRIBUIDORA SIKA | G33: KENEDY | H33: FAST OBRA | I33: Nome | J33: Nome | K33: =MEDIAN(F34:J34) -> 61.09
B34: Cotação | F34: 96.19 | G34: 61.09 | H34: 68.07 | I34: 0 | J34: 0
B35: Link | F35: https://www.ferramentaskennedy.com.br/adesivo-selante-sikaflex-construction-cinza-300ml-sika-19194/p?idsku=14462&utm_source=google&utm%E2%80%A6 | G35: https://www.ferramentaskennedy.com.br/adesivo-selante-sikaflex-construction-cinza-300ml-sika-19194/p?idsku=14462&utm_source=google&utm%E2%80%A6 | H35: https://www.fastobra.com.br/selante-sikaflex-construction-cinza--cartucho-300-ml----sika/p?idsku=1114&pht=118981711480718340&gad_source=1&gad_campaignid=23220092390&gbraid=0AAAAAB-O6ifsrYUXYaIp7ossKAvJE-QW9&gclid=CjwKCAiAoNbIBhB5EiwAZFbYGJvbIaBitQJShlQB6X4YBE2a_vFz26cNqxJYLqP_GBT0S7UkF6yH1hoCwP0QAvD_BwE
A36: 6
B37: 9.2.17 | C37: 1082-SPDA-14 | D37: PRESILHA DE LATAO FURO Ø5MM PARA CABOS 35-50MM² - TEL-744 - TERMOTECNICA OU EQUIVALENTE | E37: und | F37: ELETROMIL | G37: FETERLUZ | H37: STI | I37: Nome | J37: Nome | K37: =MEDIAN(F38:J38) -> 2.2
B38: Cotação | F38: 2.2 | G38: 2.3 | H38: 2.7 | I38: 0 | J38: 0
B39: Link
A40: 7
B41: 9.2.19 | C41: 1082-SP-02 | D41: SUPORTE PLÁSTICO FIXATEL REF.: TEL 726 TERMOTÉCNICA OU EQUIVALENTE | E41: und | F41: ELETROMIL | G41: FETERLUZ | H41: STI | I41: Nome | J41: Nome | K41: =MEDIAN(F42:J42) -> 6.1
B42: Cotação | F42: 6.1 | G42: 6.2 | H42: 6.9 | I42: 0 | J42: 0
B43: Link
A44: 8
B45: 10.2.24 | C45: 1082-HS-04 | D45: Tanque de Pressurização/Cilindro de pressão 9 lts | F45: MAGAZINE LUIZA | G45: PANELA DE FERRO | H45: MADEIRA MADEIDA | I45: Nome | J45: Nome | K45: =MEDIAN(F46:J46) -> 355.07
B46: Cotação | F46: 419.16 | G46: 368.67 | H46: 355.07 | I46: 0 | J46: 0
B47: Link | F47: https://www.magazineluiza.com.br/tanque-de-pressao-para-incendio-agua-560x167mm-9-litros-metasal/p/djjj90hjek/cj/tqpp/?&seller_id=lojawebco… | G47: https://www.paneladeferrofundido.com.br/checkout/cart?session_id=vrlbjc4v911cgrphp1s48ib4os&store_id=728886#carrinho | H47: https://www.madeiramadeira.com.br/carrinho/entrega
A48: 9
B49: 10.2.37 | C49: 1082-QCMI | D49: QUADRO ELÉTRICO PARA 2 BOMBAS CENTRÍFUGAS TRIFÁSICAS 7,5 CV | F49: ELETROMIL | G49: FETERLUZ | H49: STI | I49: Nome | J49: Nome | K49: =MEDIAN(F50:J50) -> 3500 | L49: Duvida se sai ou fica
B50: Cotação | F50: 3500 | G50: 3700 | H50: 3980 | I50: 0 | J50: 0
B51: Link
A52: 10
B53: 10.5.4 | C53: 1082-SD-19 | D53: CABO FORMADO POR 04 CONDUTORES FLEXIVEIS, TEMPERA MOLE, ISOLAÇÃO EM PVC CLASSE 70° ANTICHAMA, 600V, CONFORME NBR-9441, SENDO DOIS CONDUTORES DE 1,50mm2 IDENTIFICADOS NAS CORES AZ E BC E DOIS CONDUTORES DE 1,50mm2 IDENTIFICADOS NAS CORES PT E VM, CAPA EXTERNA EM PVC 105°C ANTICHAMA NA COR VERMELHA | F53: CCABOS | G53: CONDUSCAMP | H53: ELETROFM | I53: Nome | J53: Nome | K53: =MEDIAN(F54:J54) -> 9.89
B54: Cotação | F54: 9.89 | G54: 12.34 | H54: 12.24 | I54: 0 | J54: 0
B55: Link | F55: https://loja.ccabos.com.br/produtos/cabo-4x150mm-alarme-incendio-4-vias-1-quadra-x150mm-600v-vermelho/ | G55: https://loja.conduscamp.com.br/cabo-para-alarmedeteccao-incendio-1x4x150mm-vermelho-1/p | H55: https://www.eletrofm.com.br/carrinho-de-compra/
A56: 11
B57: 10.5.19 | C57: 1082-SD-18 | D57: Módulo isolador; ref. LSC-ISO da Global Fire, IRC485T03 da Tecnohold, IDL 520 da Intelbras, MIC-E 02251 da Ilumac ou equivalente | F57: MAGAZINE LUIZA | G57: MGA | H57: CONTRA INCÊNDIO | I57: Nome | J57: Nome | K57: =MEDIAN(F58:J58) -> 105.36
B58: Cotação | F58: 207.1 | G58: 105.36 | H58: 109.53 | I58: 0 | J58: 0
B59: Link | F59: https://www.magazineluiza.com.br/busca/idl+520+da+intelbras/ | G59: https://www.mgavirtual.com.br/cart | H59: https://contraincendio.com.br/carrinho/
A60: 12
B61: 10.2.3 | C61: 1082-HID-02 | D61: Caixa dágua 100 L | F61: AMOEDO | G61: FAUMAR | H61: LPJ | I61: Nome | J61: Nome | K61: =MEDIAN(F62:J62) -> 244.71
B62: Cotação | F62: 244.71 | G62: 275 | H62: 429.97 | I62: 0 | J62: 0
B63: Link | F63: https://www.amoedo.com.br/caixa-d-agua-convencional-polietileno-100-litros-fortlev/p | G63: https://www.faumar.com.br/caixa-dagua-100l-fortlev/ | H63: https://www.madeiramadeira.com.br/carrinho
A64: 13
B66: 10.1.13 | C66: 1082-COMP-IN-33 | D66: Fita anticorrosão 100 mm x 30 m Scotchrap 50 - 3M | F66: ADECIL | G66: FERRAMENTAS GERAIS | H66: FELAP | I66: Nome | J66: Nome | K66: =H67 -> 649.055
B67: Cotação | F67: 696.24 | G67: =589.99+76.77 -> 666.76 | H67: =2455.28/4+140.94/4 -> 649.055 | J67: 0
B68: Link | F68: https://www.adecil.com.br/ | G68: https://www.fg.com.br/fita-anticorrosao-100-mm-x-30-m-scotchrap-50---3m/p?srsltid=AfmBOopOf4v5f5GTXd1cJHzkYSLgibVMpOJ4Vt1un-G0V1y%E2%80%A6 | H68: https://www.felap.com.br/carrinho
A69: 14
B70: 9.2.9 | C70: 1082-EL-10-A | D70: CONJ PARAFUSO SEXTAVADO E PORCA EM ALUMÍNIO 1/4 X 1" | E70: und | F70: ELETROMIL | G70: FETERLUZ | H70: STI | I70: Nome | J70: Nome | K70: =MEDIAN(F71:J71) -> 3
B71: Cotação | F71: 3 | G71: 3.45 | H71: 3.6 | I71: 0 | J71: 0
B72: Link
C73: iil
B74: OBS.: 1 - Número mínimo de cotações: 3 - caso consigam apenas esse nº, retirar a fórmula da Mediana na coluna "I";
B75: OBS.: 2 - Utilizando 3 valores, aplicar o menor deles, caso não haja diferença significativa entre eles;

Sheet ABC SERVIÇOS
A11: CURVA ABC SERVIÇOS
A12: =Planilha!A12 -> UFF- INSTITUTO DE ARTES E COMUNICAÇÃO SOCIAL - IACS | E12: =Planilha!E12 -> PROCESSO: 23069.163323/2021/57
A13: =Planilha!A13 -> LOCAL: Rua Prof. Lara Vilela, 126 - São Domingos, Niterói | E13: =Planilha!E13 -> ARTs 13076784
A14: =Planilha!A14 -> NOME DA OBRA: IACS | E14: =Planilha!E14 -> BDI | F14: =Planilha!F14 -> BDI EQUIP. | G14: =Planilha!G14 -> SIAPE | H14: =Planilha!H14 -> DATA | I14: =Planilha!I14 -> REVISÃO
A15: =Planilha!A15 -> BASE DE DADOS: BASES SINAPI , SBC ,EMOP , SCO /MÊS DE REFERÊNCIA DEZEMBRO/25 -ESTADO RJ - REGIME TRIBUTÁRIO : NÃO DESONERADO | E15: =Planilha!E15 -> 0.2627 | F15: =Planilha!F15 -> 0 | G15: =Planilha!G15 -> 0000000 | H15: =Planilha!H15 -> 46037 | I15: =Planilha!I15 -> R04
A16: Curva ABC de Serviços
A17: 1082-COMP-ADM | B17: Próprio | C17: ADMINISTRAÇÃO LOCAL A SER PAGO PROPORCIONAL A EVOLUÇÃO DA OBRA | D17: CANT - CANTEIRO DE OBRAS | E17: und | F17: 1,0 | G17: 115.391,25 | H17: 115.391,25 | I17: 11,35 | J17: 11,35
A18: 1082-COMP-99856 | B18: Próprio | C18: CORRIMÃO SIMPLES, DIÂMETRO EXTERNO = 1 1/2", EM AÇO INOX. | D18: Guarda-Corpo, Corrimão e Grade para Esquadrias | E18: M | F18: 117,0 | G18: 429,73 | H18: 50.278,41 | I18: 4,94 | J18: 16,29
A19: 1082-COMP-104407 | B19: Próprio | C19: ELETRODUTO RIGIDO, EM ACO ZINCADO OU GALVANIZADO, TIPO PESADO, DN=1", APARENTE - FORNECIMENTO E INSTALAÇÃO. | D19: Instalações Elétricas - Eletrodutos, Conexões e Conduletes Aparentes | E19: M | F19: 676,0 | G19: 69,06 | H19: 46.684,56 | I19: 4,59 | J19: 20,88
A20: 92367 | B20: SINAPI | C20: TUBO DE AÇO GALVANIZADO COM COSTURA, CLASSE MÉDIA, DN 65 (2 1/2"), CONEXÃO ROSQUEADA, INSTALADO EM REDE DE ALIMENTAÇÃO PARA HIDRANTE - FORNECIMENTO E INSTALAÇÃO. AF_10/2020 | D20: Instalações de Gás e Incêndio em Aço e Ferro Galvanizado | E20: M | F20: 279,0 | G20: 141,94 | H20: 39.601,26 | I20: 3,89 | J20: 24,78
A21: 88496 | B21: SINAPI | C21: EMASSAMENTO COM MASSA LÁTEX, APLICAÇÃO EM TETO, DUAS DEMÃOS, LIXAMENTO MANUAL. AF_04/2023 | D21: Pintura Interna | E21: m² | F21: 705,8565 | G21: 55,65 | H21: 39.280,91 | I21: 3,86 | J21: 28,64
A22: 1082-COMP-067880 | B22: Próprio | C22: LUMINARIA LUZ EMERGENCIA LED 400 LUMENS FAROIS EMBUTIDOS P3 | D22: 67 | E22: UN | F22: 124,0 | G22: 314,89 | H22: 39.046,36 | I22: 3,84 | J22: 32,48
A23: 1082-COMP-SPDA-10 | B23: Próprio | C23: Barra chata em alumínio 7/8"x1/8" (70mm²), com furos diâmetro 7 mm ref. TEL-771, marca de referência Termotécnica ou equivalente | D23: 1603 | E23: m | F23: 790,0 | G23: 47,74 | H23: 37.714,60 | I23: 3,71 | J23: 36,19
A24: 1082-COMP-071842 | B24: Próprio | C24: DETECTOR (SENSOR) DE FUMACA COM BASE - ENDERECAVEL DTI-700 J | D24: 71 | E24: UN | F24: 111,0 | G24: 337,79 | H24: 37.494,69 | I24: 3,69 | J24: 39,88
A25: 1082-COMP-IN-01 | B25: Próprio | C25: Hidrante de parede, com abrigo em chapa, 80x90x17cm, com suporte e mangueiras 2 x 15m 38mm, adaptador rosca fêmea e engate rápido, esguicho em latão regulavel, registro globo angular 45º/ 38mm | D25: INES - INSTALAÇÕES ESPECIAIS | E25: und | F25: 10,0 | G25: 3.403,65 | H25: 34.036,50 | I25: 3,35 | J25: 43,23
A26: 1082-COMP-EL-21 | B26: Próprio | C26: PONTO TOMADA EM CONDULETE DUTO 3/4"-MATERIAL APARENTE PVC | D26: INEL - INSTALAÇÃO ELÉTRICA/ELETRIFICAÇÃO E ILUMINAÇÃO EXTERNA | E26: UN | F26: 124,0 | G26: 257,02 | H26: 31.870,48 | I26: 3,13 | J26: 46,36
A27: 101750 | B27: SINAPI | C27: PISO CIMENTADO, TRAÇO 1:3 (CIMENTO E AREIA), ACABAMENTO RÚSTICO, ESPESSURA 4,0 CM, PREPARO MECÂNICO DA ARGAMASSA. AF_09/2020 | D27: Pisos | E27: m² | F27: 406,0 | G27: 74,00 | H27: 30.044,00 | I27: 2,95 | J27: 49,31
A28: 1082-COMP-SD-19 | B28: Próprio | C28: CABO FORMADO POR 04 CONDUTORES FLEXIVEIS, TEMPERA MOLE, ISOLAÇÃO EM PVC CLASSE 70° ANTICHAMA, 600V, CONFORME NBR-9441, SENDO DOIS CONDUTORES DE 1,50mm2 IDENTIFICADOS NAS CORES AZ E BC E DOIS CONDUTORES DE 1,50mm2 IDENTIFICADOS NAS CORES PT E VM, CAPA EXTERNA EM PVC 105°C ANTICHAMA NA COR VERMELHA | D28: INES - INSTALAÇÕES ESPECIAIS | E28: M | F28: 1.732,0 | G28: 17,16 | H28: 29.721,12 | I28: 2,92 | J28: 52,24
A29: 96977 | B29: SINAPI | C29: CORDOALHA DE COBRE NU 50 MM², ENTERRADA - FORNECIMENTO E INSTALAÇÃO. AF_08/2023 | D29: Sistema de Proteção contra Descargas Atmosféricas - SPDA | E29: M | F29: 370,0 | G29: 74,48 | H29: 27.557,60 | I29: 2,71 | J29: 54,95
A30: 1082-COMP-EQ 35.15.0470 | B30: Próprio | C30: Bomba hidraulica centrifuga, trifasica, motor eletrico de 7,5CV, modelo DS9, WEG ou similar, exclusive acessorios. Fornecimento e colocacao. | D30: EQ | E30: un | F30: 2,0 | G30: 10.611,59 | H30: 21.223,18 | I30: 2,09 | J30: 57,03
A31: 1082-COMP-EL-10-A | B31: Próprio | C31: CONJ PARAFUSO SEXTAVADO E PORCA EM ALUMÍNIO 1/4 X 1" | D31: INEL - INSTALAÇÃO ELÉTRICA/ELETRIFICAÇÃO E ILUMINAÇÃO EXTERNA | E31: und | F31: 1.622,0 | G31: 11,28 | H31: 18.296,16 | I31: 1,80 | J31: 58,83
A32: 104757 | B32: SINAPI | C32: FORRO EM FIBRA MINERAL, PARA AMBIENTES COMERCIAIS, INCLUSIVE ESTRUTURA DE FIXAÇÃO. AF_08/2023_PS | D32: Forros | E32: m² | F32: 107,316825 | G32: 167,05 | H32: 17.927,27 | I32: 1,76 | J32: 60,60
A33: 1082-COMP-070567 | B33: Próprio | C33: BOX CURVO 3/4"" | D33: 70 | E33: UN | F33: 162,0 | G33: 95,70 | H33: 15.503,40 | I33: 1,52 | J33: 62,12
A34: 92378 | B34: SINAPI | C34: LUVA, EM FERRO GALVANIZADO, DN 65 (2 1/2"), CONEXÃO ROSQUEADA, INSTALADO EM REDE DE ALIMENTAÇÃO PARA HIDRANTE - FORNECIMENTO E INSTALAÇÃO. AF_10/2020 | D34: Instalações de Gás e Incêndio em Aço e Ferro Galvanizado | E34: UN | F34: 97,0 | G34: 151,61 | H34: 14.706,17 | I34: 1,45 | J34: 63,57
A35: 104639 | B35: SINAPI | C35: PINTURA LÁTEX ACRÍLICA ECONÔMICA, APLICAÇÃO MANUAL EM TETO, DUAS DEMÃOS. AF_04/2023 | D35: Pintura Interna | E35: m² | F35: 705,8565 | G35: 19,95 | H35: 14.081,83 | I35: 1,38 | J35: 64,95
A36: 012057 | B36: SBC | C36: CONTAINER ESCRITORIO 6,05x2,44x2,57 COM ACABAMENTO EM PVC | D36: INSTALACOES PROVISORIAS | E36: MES | F36: 6,0 | G36: 1.931,93 | H36: 11.591,58 | I36: 1,14 | J36: 66,09
A37: 1082-COMP-SP-02 | B37: Próprio | C37: SUPORTE PLÁSTICO FIXATEL REF.: TEL 726 TERMOTÉCNICA OU EQUIVALENTE | D37: INEL - INSTALAÇÃO ELÉTRICA/ELETRIFICAÇÃO E ILUMINAÇÃO EXTERNA | E37: UN | F37: 678,0 | G37: 17,07 | H37: 11.573,46 | I37: 1,14 | J37: 67,23
A38: 100329 | B38: SINAPI | C38: RETIRADA E RECOLOCAÇÃO DE TELHA CERÂMICA DE ENCAIXE, COM MAIS DE DUAS ÁGUAS, INCLUSO IÇAMENTO. AF_07/2019 | D38: Telhamento para Cobertura | E38: m² | F38: 280,665 | G38: 37,26 | H38: 10.457,57 | I38: 1,03 | J38: 68,26
A39: 1082-COMP-ADM-02 | B39: Próprio | C39: ELABORAÇÃO DE LAUDO TÉCNICO CIRCUNSTANCIADO E PLANO DE EMERGÊNCIA PARA APRESENTAÇÃO AO CBMERJ. | D39: SEES - SERVIÇOS ESPECIAIS | E39: und | F39: 1,0 | G39: 10.420,64 | H39: 10.420,64 | I39: 1,02 | J39: 69,28
A40: 1082-COMP-055863 | B40: Próprio | C40: EXTINTOR PO QUIMICO SECO 6kg ABC NBR 15808:2017 | D40: 55 | E40: UN | F40: 36,0 | G40: 257,28 | H40: 9.262,08 | I40: 0,91 | J40: 70,20
A41: 96113 | B41: SINAPI | C41: FORRO EM PLACAS DE GESSO, PARA AMBIENTES COMERCIAIS. AF_08/2023_PS | D41: Forros | E41: m² | F41: 115,4405 | G41: 76,68 | H41: 8.851,97 | I41: 0,87 | J41: 71,07
A42: 92982 | B42: SINAPI | C42: CABO DE COBRE FLEXÍVEL ISOLADO, 16 MM², ANTI-CHAMA 0,6/1,0 KV, PARA DISTRIBUIÇÃO - FORNECIMENTO E INSTALAÇÃO. AF_10/2020 | D42: Instalações Elétricas - Quadros, Cabos, Disjuntores, Contatores e Barramentos Blindados | E42: M | F42: 400,0 | G42: 21,81 | H42: 8.724,00 | I42: 0,86 | J42: 71,92
A43: 1082-COMP-IN-33 | B43: Próprio | C43: Proteção anticorrosiva, com fita adesiva, para ramais sob a terra, com DN acima de 2´ até 3´ , Rolo de 30m | D43: 32.1 | E43: UN | F43: 10,0 | G43: 825,70 | H43: 8.257,00 | I43: 0,81 | J43: 72,74
A44: 1082-COMP-058006 | B44: Próprio | C44: CAIXA FERRO ESMALTADA 4x4"" OCTOGONAL FUNDO MOVEL | D44: 58 | E44: UN | F44: 112,0 | G44: 73,32 | H44: 8.211,84 | I44: 0,81 | J44: 73,54
A45: 1082-COMP-18.038.0038-0 | B45: Próprio | C45: CENTRAL DE ALARME ENDERECAV EL,PARA ATE 500 DISPOSITIVOS DIVIDIDOS EM 2 LACOS 3%-DESGASTE DE FERRAMENTAS E EPI | D45: 18 | E45: UN | F45: 1,0 | G45: 8.208,39 | H45: 8.208,39 | I45: 0,81 | J45: 74,35
A46: 95796 | B46: SINAPI | C46: CONDULETE DE ALUMÍNIO, TIPO T, PARA ELETRODUTO DE AÇO GALVANIZADO DN 25 MM (1''), APARENTE - FORNECIMENTO E INSTALAÇÃO. AF_10/2022 | D46: Instalações Elétricas - Eletrodutos, Conexões e Conduletes Aparentes | E46: UN | F46: 108,0 | G46: 71,34 | H46: 7.704,72 | I46: 0,76 | J46: 75,11
A47: 93358 | B47: SINAPI | C47: ESCAVAÇÃO MANUAL DE VALA. AF_09/2024 | D47: Escavação de Valas | E47: m³ | F47: 45,765 | G47: 159,27 | H47: 7.288,99 | I47: 0,72 | J47: 75,83
A48: 101795 | B48: SINAPI | C48: CAIXA ENTERRADA PARA INSTALAÇÕES TELEFÔNICAS TIPO R1, EM ALVENARIA COM BLOCOS DE CONCRETO, DIMENSÕES INTERNAS: 0,35X0,60X0,60 M, EXCLUINDO TAMPÃO. AF_12/2020 | D48: Caixas Enterradas | E48: UN | F48: 8,0 | G48: 862,29 | H48: 6.898,32 | I48: 0,68 | J48: 76,50
A49: 92390 | B49: SINAPI | C49: JOELHO 90 GRAUS, EM FERRO GALVANIZADO, DN 65 (2 1/2"), CONEXÃO ROSQUEADA, INSTALADO EM REDE DE ALIMENTAÇÃO PARA HIDRANTE - FORNECIMENTO E INSTALAÇÃO. AF_10/2020 | D49: Instalações de Gás e Incêndio em Aço e Ferro Galvanizado | E49: UN | F49: 31,0 | G49: 219,96 | H49: 6.818,76 | I49: 0,67 | J49: 77,17
A50: 1082-COMP-SPDA-01 | B50: Próprio | C50: ADESIVO PARA SUPERFÍCIE POROSA, REF.: TEL 5904 TERMOTÉCNICA OU EQUIVALENTE | D50: INEL - INSTALAÇÃO ELÉTRICA/ELETRIFICAÇÃO E ILUMINAÇÃO EXTERNA | E50: kg | F50: 19,65 | G50: 335,34 | H50: 6.589,43 | I50: 0,65 | J50: 77,82
A51: 1082-COMP-SD-21 | B51: Próprio | C51: SUPORTE DE FIXAÇÃO DE ELETRODUTO ATÉ 1", NO TETO, ATRAVÉS DE SUPORTE ANGULAR (1 UND), PORCA SEXTAVADA E ARRUELA 1/4' (4 UND), VERGALHÃO ROSCA TOTAL 1/4" (H=60CM), ABRAÇADEIRA D ( 1 UND ) E PARAFUSO E BUCHA S8 (2 UND) | D51: INEL - INSTALAÇÃO ELÉTRICA/ELETRIFICAÇÃO E ILUMINAÇÃO EXTERNA | E51: und | F51: 162,0 | G51: 35,63 | H51: 5.772,06 | I51: 0,57 | J51: 78,39
A52: 92368 | B52: SINAPI | C52: TUBO DE AÇO GALVANIZADO COM COSTURA, CLASSE MÉDIA, DN 80 (3"), CONEXÃO ROSQUEADA, INSTALADO EM REDE DE ALIMENTAÇÃO PARA HIDRANTE - FORNECIMENTO E INSTALAÇÃO. AF_10/2020 | D52: Instalações de Gás e Incêndio em Aço e Ferro Galvanizado | E52: M | F52: 30,0 | G52: 186,17 | H52: 5.585,10 | I52: 0,55 | J52: 78,94
A53: 1082-COMP-LIMP | B53: Próprio | C53: LIMPEZA FINAL DA OBRA | D53: SEDI - SERVIÇOS DIVERSOS | E53: m² | F53: 777,015 | G53: 6,67 | H53: 5.182,69 | I53: 0,51 | J53: 79,45
A54: 98457 | B54: SINAPI | C54: TAPUME COM CHAPA METÁLICA. AF_03/2024 | D54: Instalações para Canteiros de Obras | E54: m² | F54: 34,2 | G54: 146,77 | H54: 5.019,53 | I54: 0,49 | J54: 79,94
A55: 1082-COMP-104448 | B55: Próprio | C55: LUVA DE EMENDA PARA ELETRODUTO, AÇO GALVANIZADO, DN 25 MM (1''), APARENTE - FORNECIMENTO E INSTALAÇÃO. | D55: Instalações Elétricas - Eletrodutos, Conexões e Conduletes Aparentes | E55: UN | F55: 336,0 | G55: 14,93 | H55: 5.016,48 | I55: 0,49 | J55: 80,44
A56: 88497 | B56: SINAPI | C56: EMASSAMENTO COM MASSA LÁTEX, APLICAÇÃO EM PAREDE, DUAS DEMÃOS, LIXAMENTO MANUAL. AF_04/2023 | D56: Pintura Interna | E56: m² | F56: 163,0 | G56: 30,36 | H56: 4.948,68 | I56: 0,49 | J56: 80,92
A57: 1082-COMP-QCMI | B57: Próprio | C57: QUADRO ELÉTRICO PARA 2 BOMBAS CENTRÍFUGAS TRIFÁSICAS 7,5 CV - FORNECIMENTO E INSTALAÇÃO. AF_12/2020 | D57: Bombas Hidráulicas - Centrífugas, Horizontais e Submersíveis | E57: UN | F57: 1,0 | G57: 4.795,68 | H57: 4.795,68 | I57: 0,47 | J57: 81,39
... A67: 1082-COMP-IN-05 | B67: Próprio | C67: FIXAÇÃO DE DUTOS SUSPENSOS EM LAJE DE TETO, DIÂMETROS DE 75 MM, COM ABRAÇADEIRA METÁLICA RÍGIDA TIPO D COM PARAFUSO DE FIXAÇÃO S12 | D67: INEL - INSTALAÇÃO ELÉTRICA/ELETRIFICAÇÃO E ILUMINAÇÃO EXTERNA | E67: und | F67: 59,0 | G67: 60,44 | H67: 3.565,96 | I67: 0,35 | J67: 85,37
A68: 1082-COMP-05.054.0110-0 | B68: Próprio | C68: PLACA FOTOLUMINESCENTE DE SINALIZACAO DE SEGURANCA CONTRA IN CENDIO,PARA EQUIPAMENTOS DE COMBATE A INCENDIO E ALARME,EM P VC ANTICHAMA,DIMENSOES APROXIMADAS DE (30X30)CM,CONFORME ABN T NBR 16820.FORNECIMENTO E COLOCACAO 3%-DESGASTE DE FERRAMENTAS E EPI | D68: 5 | E68: UN | F68: 50,0 | G68: 70,06 | H68: 3.503,00 | I68: 0,34 | J68: 85,72
A69: 101798 | B69: SINAPI | C69: TAMPA PARA CAIXA TIPO R1, EM FERRO FUNDIDO, DIMENSÕES INTERNAS: 0,40 X 0,60 M - FORNECIMENTO E INSTALAÇÃO. AF_12/2020 | D69: Poços de Visita e Caixas para Bocas de Lobo | E69: UN | F69: 8,0 | G69: 426,96 | H69: 3.415,68 | I69: 0,34 | J69: 86,05
A70: 104758 | B70: SINAPI | C70: FURO MANUAL EM ALVENARIA, PARA INSTALAÇÕES ELÉTRICAS, DIÂMETROS MENORES OU IGUAIS A 40 MM. AF_09/2023 | D70: Rasgos e Fixações | E70: UN | F70: 122,0 | G70: 27,69 | H70: 3.378,18 | I70: 0,33 | J70: 86,38
A71: 05.008.0001-0 | B71: EMOP | C71: MONTAGEM E DESMONTAGEM DE ANDAIME COM ELEMENTOS TUBULARES,CO NSIDERANDO-SE A AREA VERTICAL RECOBERTA 3%-DESGASTE DE FERRAMENTAS E EPI | D71: 5 | E71: m² | F71: 300,0 | G71: 11,07 | H71: 3.321,00 | I71: 0,33 | J71: 86,71
A72: 95764 | B72: SINAPI | C72: CURVA 90 GRAUS PARA ELETRODUTO, AÇO GALVANIZADO, DN 25 MM (1"), APARENTE - FORNECIMENTO E INSTALAÇÃO. AF_10/2022 | D72: Instalações Elétricas - Eletrodutos, Conexões e Conduletes Aparentes | E72: UN | F72: 110,0 | G72: 29,20 | H72: 3.212,00 | I72: 0,32 | J72: 87,03
A73: 1082-COMP-AD 20.20.0050 | B73: Próprio | C73: Instalacao e ligacao provisorias de alimentacao de energia eletrica, em baixa tensao (BT), para canteiro de obras, exclusive o fornecimento do medidor. | D73: AD | E73: un | F73: 1,0 | G73: 3.077,43 | H73: 3.077,43 | I73: 0,30 | J73: 87,33
A74: 1082-COMP-04.014.0095-0 | B74: Próprio | C74: RETIRADA DE ENTULHO DE OBRA COM CACAMBA DE ACO TIPO CONTAINE R COM 5M3 DE CAPACIDADE,INCLUSIVE CARREGAMENTO,TRANSPORTE E DESCARREGAMENTO.CUSTO POR UNIDADE DE CACAMBA E INCLUI A TAX A PARA DESCARGA EM LOCAIS AUTORIZADOS 3%-DESGASTE DE FERRAMENTAS E EPI | D74: 4 | E74: UN | F74: 6,0 | G74: 478,72 | H74: 2.872,32 | I74: 0,28 | J74: 87,61
A75: 1082-COMP-96983 | B75: Próprio | C75: SOLDA EXOTÉRMICA PARA SPDA - FORNECIMENTO E INSTALAÇÃO. | D75: Sistema de Proteção contra Descargas Atmosféricas - SPDA | E75: UN | F75: 30,0 | G75: 95,73 | H75: 2.871,90 | I75: 0,28 | J75: 87,89
A76: 104642 | B76: SINAPI | C76: PINTURA LÁTEX ACRÍLICA STANDARD, APLICAÇÃO MANUAL EM PAREDES, DUAS DEMÃOS. AF_04/2023 | D76: Pintura Interna | E76: m² | F76: 163,0 | G76: 17,60 | H76: 2.868,80 | I76: 0,28 | J76: 88,18
A77: 97640 | B77: SINAPI | C77: REMOÇÃO DE FORROS DE DRYWALL, PVC E FIBROMINERAL, DE FORMA MANUAL, SEM REAPROVEITAMENTO. AF_09/2023 | D77: Demolições e Remoções | E77: m² | F77: 715,4455 | G77: 3,86 | H77: 2.761,61 | I77: 0,27 | J77: 88,45
A78: 1082-COMP-061302 | B78: Próprio | C78: TERMINAL DE COMPRESSAO PARA CABO 50mm2 | D78: 61 | E78: UN | F78: 42,0 | G78: 65,57 | H78: 2.753,94 | I78: 0,27 | J78: 88,72
A79: 1082-COMP-061550 | B79: Próprio | C79: ELETRODUTO FLEXIVEL SEALTUBE 3/4"" | D79: 61 | E79: M | F79: 81,0 | G79: 33,76 | H79: 2.734,56 | I79: 0,27 | J79: 88,99
A80: 101805 | B80: SINAPI | C80: CAIXA ENTERRADA SEPARADORA DE ÓLEO RETANGULAR, EM ALVENARIA COM BLOCOS DE CONCRETO, DIMENSÕES INTERNAS: 1,00 X 1,00 X 1,00 M, EXCLUINDO TAMPÃO. AF_12/2020 | D80: Caixas Enterradas | E80: UN | F80: 1,0 | G80: 2.549,75 | H80: 2.549,75 | I80: 0,25 | J80: 89,24
A81: 94969 | B81: SINAPI | C81: CONCRETO FCK = 15MPA, TRAÇO 1:3,4:3,5 (EM MASSA SECA DE CIMENTO/ AREIA MÉDIA/ BRITA 1) - PREPARO MECÂNICO COM BETONEIRA 600 L. AF_05/2021 | D81: Produção de Concreto | E81: m³ | F81: 4,5 | G81: 560,65 | H81: 2.522,92 | I81: 0,25 | J81: 89,49
A82: 1082-COMP-078032 | B82: Próprio | C82: TAMPA DE FERRO FUNDIDO 300MM PARA CAIXA DE ATERRAMENTO | D82: 78 | E82: UN | F82: 22,0 | G82: 112,62 | H82: 2.477,64 | I82: 0,24 | J82: 89,73
A83: 1082-COMP-SPDA-14 | B83: Próprio | C83: Presilha de latão ref. 744, inclusive parafuso fenda DN 4,2x32mm e bucha nylon DN 6mm e vedação dos furos com poliuretano ref. 5905, marca de ref. Termotécnica ou equivalente | D83: 1603 | E83: und | F83: 112,0 | G83: 22,03 | H83: 2.467,36 | I83: 0,24 | J83: 89,97
A84: 103359 | B84: SINAPI | C84: ALVENARIA DE VEDAÇÃO DE BLOCOS CERÂMICOS FURADOS NA HORIZONTAL DE 11,5X19X29 CM (ESPESSURA 11,5 CM) E ARGAMASSA DE ASSENTAMENTO COM PREPARO MANUAL. AF_12/2021 | D84: Alvenaria de Vedação | E84: m² | F84: 20,9925 | G84: 114,04 | H84: 2.393,98 | I84: 0,24 | J84: 90,21
A85: 05.006.0001-B | B85: EMOP | C85: LOCACAO DE ANDAIME COM ELEMENTOS TUBULARES SOBRE SAPATAS FIX AS,CONSIDERANDO-SE A AREA DA PROJECAO VERTICAL DO ANDAIME E PAGO PELO TEMPO NECESSARIO A SUA UTILIZACAO,EXCLUSIVE TRANSP ORTE DOS ELEMENTOS DO ANDAIME ATE A OBRA,PLATAFORMA OU PASSA RELA DE PINHO,MONTAGEM E DESMONTAGEM DOS ANDAIMES | D85: 5 | E85: M2XMES | F85: 48,0 | G85: 49,11 | H85: 2.357,28 | I85: 0,23 | J85: 90,44
A86: 1082-COMP-104408 | B86: Próprio | C86: ELETRODUTO RIGIDO, EM ACO ZINCADO OU GALVANIZADO, TIPO PESADO, DN=1 1/4", APARENTE- FORNECIMENTO E INSTALAÇÃO. | D86: Instalações Elétricas - Eletrodutos, Conexões e Conduletes Aparentes | E86: M | F86: 30,0 | G86: 76,78 | H86: 2.303,40 | I86: 0,23 | J86: 90,67
A87: 1082-COMP-061423 | B87: Próprio | C87: CAIXA PASSAGEM CHAPA GALVAN.16 TAMPA CEGA PARAF.15x15x12cm | D87: 61 | E87: UN | F87: 23,0 | G87: 100,03 | H87: 2.300,69 | I87: 0,23 | J87: 90,89
A88: 1082-COMP-IN-09 | B88: Próprio | C88: Hidrante de parede, com abrigo em chapa, 50x80x17cm, com suporte e mangueiras 1 x 15m 38mm, adaptador rosca fêmea e engate rápido, esguicho em latão regulavel, registro globo angular 45º/ 38mm | D88: INES - INSTALAÇÕES ESPECIAIS | E88: und | F88: 1,0 | G88: 2.246,15 | H88: 2.246,15 | I88: 0,22 | J88: 91,11
A89: 101907 | B89: SINAPI | C89: EXTINTOR DE INCÊNDIO PORTÁTIL COM CARGA DE CO2 DE 6 KG, CLASSE BC - FORNECIMENTO E INSTALAÇÃO. AF_10/2020_PE | D89: Instalações de Gás e Incêndio em Aço e Ferro Galvanizado | E89: UN | F89: 2,0 | G89: 1.122,81 | H89: 2.245,62 | I89: 0,22 | J89: 91,33
A90: 96985 | B90: SINAPI | C90: HASTE DE ATERRAMENTO, DIÂMETRO 5/8", COM 3 METROS - FORNECIMENTO E INSTALAÇÃO. AF_08/2023 | D90: Sistema de Proteção contra Descargas Atmosféricas - SPDA | E90: UN | F90: 22,0 | G90: 97,83 | H90: 2.152,26 | I90: 0,21 | J90: 91,55
A91: 1083-COMP-078030 | B91: Próprio | C91: CAIXA DE EQUALIZACAO TERRA 210x210x90 TEL-901 | D91: 78 | E91: UN | F91: 3,0 | G91: 716,74 | H91: 2.150,22 | I91: 0,21 | J91: 91,76
A92: 1082-COMP-05.001.0086-0 | B92: Próprio | C92: REMOCAO DE TERRA OU ENTULHO,A PA,ATE A DISTANCIA HORIZONTAL DE 5,00M 3%- DESGASTE DE FERRAMENTAS E EPI | D92: 5 | E92: m³ | F92: 35,37534 | G92: 60,39 | H92: 2.136,31 | I92: 0,21 | J92: 91,97
A93: 98111 | B93: SINAPI | C93: CAIXA DE INSPEÇÃO PARA ATERRAMENTO, CIRCULAR, EM POLIETILENO, DIÂMETRO INTERNO = 0,3 M. AF_12/2020 | D93: Caixas Enterradas | E93: UN | F93: 22,0 | G93: 93,36 | H93: 2.053,92 | I93: 0,20 | J93: 92,17
A94: 92380 | B94: SINAPI | C94: LUVA, EM FERRO GALVANIZADO, DN 80 (3"), CONEXÃO ROSQUEADA, INSTALADO EM REDE DE ALIMENTAÇÃO PARA HIDRANTE - FORNECIMENTO E INSTALAÇÃO. AF_10/2020 | D94: Instalações de Gás e Incêndio em Aço e Ferro Galvanizado | E94: UN | F94: 10,0 | G94: 202,94 | H94: 2.029,40 | I94: 0,20 | J94: 92,37
A95: 1082-COMP-05.054.0115-0 | B95: Próprio | C95: PLACA FOTOLUMINESCENTE DE SINALIZACAO DE SEGURANCA CONTRA IN CENDIO,PARA EQUIPAMENTOS DE COMBATE A INCENDIO E ALARME,EM P VC ANTICHAMA,DIMENSOES APROXIMADAS DE (20X15)CM,CONFORME ABN T NBR 16820.FORNECIMENTO E COLOCACAO 3%-DESGASTE DE FERRAMENTAS E EPI | D95: 5 | E95: UN | F95: 104,0 | G95: 18,46 | H95: 1.919,84 | I95: 0,19 | J95: 92,56
A96: MT 05.40.0250 | B96: SCO | C96: Retirada e recolocacao de cerca protetora de vala, construida com montantes de (3"x3") de Pinho de 3a, com 1,50m de comprimento, com intervalo de 6m e 1 linha de fita plastica zebrada, horizontal, exceto materiais. | E96: m | F96: 200,0 | G96: 9,34 | H96: 1.868,00 | I96: 0,18 | J96: 92,74
A97: 1082-COMP-MOB-01 | B97: Próprio | C97: MOBILIZACAO DE CANTEIRO | D97: 12 | E97: UN | F97: 1,0 | G97: 1.847,27 | H97: 1.847,27 | I97: 0,18 | J97: 92,92
A98: 1082-COMP-MOB-02 | B98: Próprio | C98: DESMOBILIZACAO DE CANTEIRO | D98: 12 | E98: UN | F98: 1,0 | G98: 1.847,27 | H98: 1.847,27 | I98: 0,18 | J98: 93,11
A99: 14.002.0066-0 | B99: EMOP | C99: PORTA CORTA-FOGO NAO INSERIDA EM ROTA DE FUGA,MEDINDO (60X18 0X5)CM,CLASSE P-120,EM CHAPA DE ACO,TENDO BATENTE DO MESMO M ATERIAL,INCLUSIVE FECHADURA E 3 PARES DE DOBRADICAS COM MOLA .FORNECIMENTO E COLOCACAO 3%-DESGASTE DE FERRAMENTAS E EPI | D99: 14 | E99: UN | F99: 1,0 | G99: 1.836,67 | H99: 1.836,67 | I99: 0,18 | J99: 93,29
A100: 99624 | B100: SINAPI | C100: VÁLVULA DE RETENÇÃO HORIZONTAL, DE BRONZE, ROSCÁVEL, 2 1/2" - FORNECIMENTO E INSTALAÇÃO. AF_08/2021 | D100: Válvulas e Registros para Sistemas Prediais | E100: UN | F100: 2,0 | G100: 904,08 | H100: 1.808,16 | I100: 0,18 | J100: 93,46
A101: 1082-COMP-QCM-R | B101: Próprio | C101: REVISÃO EM QUADROS ELÉTRICOS DO SISTEMA DE RECALQUE | D101: INEL - INSTALAÇÃO ELÉTRICA/ELETRIFICAÇÃO E ILUMINAÇÃO EXTERNA | E101: UN | F101: 3,0 | G101: 584,47 | H101: 1.753,41 | I101: 0,17 | J101: 93,64
A102: 1082-COMP-SPDA-11 | B102: Próprio | C102: CONJUNTO COM 1 PARAFUSO, 1 PORCA E 2 ARRUELAS LATAO 1/4 X 1" | D102: INEL - INSTALAÇÃO ELÉTRICA/ELETRIFICAÇÃO E ILUMINAÇÃO EXTERNA | E102: und | F102: 70,0 | G102: 25,03 | H102: 1.752,10 | I102: 0,17 | J102: 93,81
A103: 1082-COMP-055530 | B103: Próprio | C103: SIRENE AUDIO VISUAL ALARME DE INCENDIO ILUMAC SAF-C 24VCC | D103: 55 | E103: UN | F103: 10,0 | G103: 174,06 | H103: 1.740,60 | I103: 0,17 | J103: 93,98
A104: 103016 | B104: SINAPI | C104: VÁLVULA DE RETENÇÃO, DE BRONZE, PÉ COM CRIVOS, ROSCÁVEL, 3" - FORNECIMENTO E INSTALAÇÃO. AF_08/2021 | D104: Válvulas e Registros para Sistemas Prediais | E104: UN | F104: 2,0 | G104: 849,41 | H104: 1.698,82 | I104: 0,17 | J104: 94,15
A105: 94966 | B105: SINAPI | C105: CONCRETO FCK = 30MPA, TRAÇO 1:2,1:2,5 (EM MASSA SECA DE CIMENTO/ AREIA MÉDIA/ BRITA 1) - PREPARO MECÂNICO COM BETONEIRA 400 L. AF_05/2021 | D105: Produção de Concreto | E105: m³ | F105: 2,514 | G105: 658,57 | H105: 1.655,64 | I105: 0,16 | J105: 94,31
A106: 1082-COMP-058610 | B106: Próprio | C106: ACIONADOR MANUAL ENDERECAVEL AME 520 INTELBRAS | D106: 58 | E106: UN | F106: 10,0 | G106: 164,07 | H106: 1.640,70 | I106: 0,16 | J106: 94,47
A107: 1082-01.050.0841-0 | B107: Próprio | C107: PROJETO DE AS BUILT DE INSTALACAO DE INCENDIO E SPDA PARA PR EDIOS ESCOLARES E/OU ADMINISTRATIVOS DE 501 ATE 3000M2,APRES ENTADO NOS PADROES DA CONTRATANTE 9%-DESPESAS ADMINISTRATIVAS E DE MATERIAIS | D107: 1 | E107: m² | F107: 2.500,0 | G107: 0,65 | H107: 1.625,00 | I107: 0,16 | J107: 94,63
A108: 92269 | B108: SINAPI | C108: FABRICAÇÃO DE FÔRMA PARA PILARES E ESTRUTURAS SIMILARES, EM MADEIRA SERRADA, E=25 MM. AF_09/2020 | D108: Fôrmas para Estruturas de Concreto Armado | E108: m² | F108: 8,64 | G108: 187,29 | H108: 1.618,18 | I108: 0,16 | J108: 94,79
A109: 1082-COMP-SD-18 | B109: Próprio | C109: Módulo isolador, módulo endereçador | D109: INES - INSTALAÇÕES ESPECIAIS | E109: UN | F109: 7,0 | G109: 226,84 | H109: 1.587,88 | I109: 0,16 | J109: 94,95
A110: 1082-PGR-ENGSEG | B110: Próprio | C110: PGR (PROGRAMA DE GERENCIAMENTO DE RISCOS) DA OBRA ELABORADO POR PROFISSIONAL ESPECIALISTA EM SEGURANÇA DO TRABALHO | D110: SERT - SERVIÇOS TÉCNICOS | E110: und | F110: 1,0 | G110: 1.515,24 | H110: 1.515,24 | I110: 0,15 | J110: 95,10
A111: 1082-COMP-IN-04 | B111: Próprio | C111: FIXAÇÃO DE DUTOS DIRETAMENTE EM LAJE/PAREDE, DIÂMETROS DE 75 MM, COM ABRAÇADEIRA METÁLICA RÍGIDA TIPO D COM PARAFUSO DE FIXAÇÃO S12 | D111: INES - INSTALAÇÕES ESPECIAIS | E111: UN | F111: 61,0 | G111: 22,71 | H111: 1.385,31 | I111: 0,14 | J111: 95,23
A112: 04.005.0300-0 | B112: EMOP | C112: TRANSPORTE DE CONTAINER,SEGUNDO DESCRICAO DA FAMILIA 02.006, EXCLUSIVE CARGA E DESCARGA(VIDE ITEM 04.013.0015) | D112: 4 | E112: UNXKM | F112: 30,0 | G112: 45,14 | H112: 1.354,20 | I112: 0,13 | J112: 95,36
A113: 1082-COMP-078389 | B113: Próprio | C113: CONECTOR DE MEDICAO E EMENDA 16 A 70MM 560 - TERMOTECNICA | D113: 78 | E113: UN | F113: 22,0 | G113: 60,42 | H113: 1.329,24 | I113: 0,13 | J113: 95,50
A114: 94569 | B114: SINAPI | C114: JANELA DE ALUMÍNIO TIPO MAXIM-AR, BATENTE/ REQUADRO 3 A 14 CM, VIDRO INCLUSO, FIXAÇÃO COM PARAFUSO, SEM GUARNIÇÃO/ ALIZAR, DIMENSÕES 60X80 (A X L) CM, SEM ACABAMENTO, VEDAÇÃO COM SILICONE, EXCLUSIVE CONTRAMARCO - FORNECIMENTO E INSTALAÇÃO. AF_11/2024 | D114: Esquadrias - Janelas | E114: m² | F114: 0,75 | G114: 1.703,47 | H114: 1.277,60 | I114: 0,13 | J114: 95,62
A115: 101963 | B115: SINAPI | C115: LAJE PRÉ-MOLDADA UNIDIRECIONAL, BIAPOIADA, PARA PISO, ENCHIMENTO EM CERÂMICA, VIGOTA CONVENCIONAL, ALTURA TOTAL DA LAJE "LT" = 12 CM (ENCHIMENTO+CAPA) = (8+4). AF_08/2025 | D115: Lajes Pré-Moldadas | E115: m² | F115: 4,63 | G115: 275,47 | H115: 1.275,42 | I115: 0,13 | J115: 95,75
A116: 97667 | B116: SINAPI | C116: ELETRODUTO FLEXÍVEL CORRUGADO, PEAD, DN 50 (1 1/2"), PARA REDE ENTERRADA DE DISTRIBUIÇÃO DE ENERGIA ELÉTRICA - FORNECIMENTO E INSTALAÇÃO. AF_12/2021 | D116: Redes Enterradas de Distribuição Elétrica | E116: M | F116: 100,0 | G116: 12,71 | H116: 1.271,00 | I116: 0,12 | J116: 95,87
A117: 1082-COMP-EL-30 | B117: Próprio | C117: FITA ISOLANTE ADESIVA ANTICHAMA, USO ATE 750 V, EM ROLO DE 19 MM X 20 M , FORNECIMENTO E INSTALAÇÃO | D117: INEL - INSTALAÇÃO ELÉTRICA/ELETRIFICAÇÃO E ILUMINAÇÃO EXTERNA | E117: und | F117: 15,0 | G117: 82,12 | H117: 1.231,80 | I117: 0,12 | J117: 95,99
A118: 94499 | B118: SINAPI | C118: REGISTRO DE GAVETA BRUTO, LATÃO, ROSCÁVEL, 2 1/2" - FORNECIMENTO E INSTALAÇÃO. AF_08/2021 | D118: Válvulas e Registros para Sistemas Prediais | E118: UN | F118: 4,0 | G118: 307,42 | H118: 1.229,68 | I118: 0,12 | J118: 96,11
A119: 1082-COMP-50160 | B119: Próprio | C119: HIDRANTE PASSEIO ALVEN.BL CONC 30x40cm H=50cm COM REGISTRO | D119: 50 | E119: UN | F119: 1,0 | G119: 1.218,90 | H119: 1.218,90 | I119: 0,12 | J119: 96,23
...

Sheet ABC  INSUMO
A11: CURVA ABC SERVIÇOS
A12: =Planilha!A12 -> UFF- INSTITUTO DE ARTES E COMUNICAÇÃO SOCIAL - IACS | E12: =Planilha!E12 -> PROCESSO: 23069.163323/2021/57
A13: =Planilha!A13 -> LOCAL: Rua Prof. Lara Vilela, 126 - São Domingos, Niterói | E13: =Planilha!E13 -> ARTs 13076784
A14: =Planilha!A14 -> NOME DA OBRA: IACS | E14: =Planilha!E14 -> BDI | F14: =Planilha!F14 -> BDI EQUIP. | G14: =Planilha!G14 -> SIAPE | H14: =Planilha!H14 -> DATA | I14: =Planilha!I14 -> REVISÃO
A15: =Planilha!A15 -> BASE DE DADOS: BASES SINAPI , SBC ,EMOP , SCO /MÊS DE REFERÊNCIA DEZEMBRO/25 -ESTADO RJ - REGIME TRIBUTÁRIO : NÃO DESONERADO | E15: =Planilha!E15 -> 0.2627 | F15: =Planilha!F15 -> 0 | G15: =Planilha!G15 -> 0000000 | H15: =Planilha!H15 -> 46037 | I15: =Planilha!I15 -> R04
A16: Curva ABC de Insumos
A17: Código | B17: Banco | C17: Descrição | D17: Tipo | E17: Und | F17: Quantidade | H17: Valor Unitário | J17: Total | M17: Peso | N17: Valor Acumulado | O17: Peso Acumulado
F18: Operativa | G18: Improdutiva | H18: Operativa | I18: Improdutiva | J18: Operativa | K18: Improdutiva | L18: Geral
A19: 00002436 | B19: SINAPI | C19: ELETRICISTA (HORISTA) | D19: Mão de Obra | E19: H | F19: 1.933,1710263 | H19: 37,38 | J19: 72.261,93 | L19: 72261.933 | M19: 7,11% | N19: 72261.933 | O19: 7,11%
A20: 00040818 | B20: SINAPI | C20: ENCARREGADO GERAL DE OBRAS (MENSALISTA) | D20: Mão de Obra | E20: MES | F20: 6,0958200 | H20: 10.856,24 | J20: 66.177,68 | L20: 66177.685 | M20: 6,51% | N20: 138439.62 | O20: 13,61%
A21: 00037370 | B21: SINAPI | C21: ALIMENTACAO - HORISTA (COLETADO CAIXA - ENCARGOS COMPLEMENTARES) | D21: Encargos Complementares | E21: H | F21: 7.734,4090780 | H21: 6,11 | J21: 47.257,24 | L21: 47257.239 | M21: 4,65% | N21: 185696.86 | O21: 18,26%
A22: 00000247 | B22: SINAPI | C22: AJUDANTE DE ELETRICISTA (HORISTA) | D22: Mão de Obra | E22: H | F22: 1.574,6996860 | H22: 28,58 | J22: 45.004,92 | L22: 45004.917 | M22: 4,43% | N22: 230701.77 | O22: 22,69%
A23: 036594 | B23: SBC | C23: TUBO ACO INOX AISI 304 REDONDO 1 1/2" (38,10mm) ESPESSURA DA PAREDE 1,2 mm | D23: Material | E23: M | F23: 120,3930000 | H23: 319,41 | J23: 38.454,73 | L23: 38454.728 | M23: 3,78% | N23: 269156.5 | O23: 26,47%
A24: 00040813 | B24: SINAPI | C24: ENGENHEIRO CIVIL DE OBRA PLENO (MENSALISTA) | D24: Mão de Obra | E24: MES | F24: 1,0111200 | H24: 33.836,83 | J24: 34.213,10 | L24: 34213.096 | M24: 3,36% | N24: 303369.6 | O24: 29,84%
A25: 00007701 | B25: SINAPI | C25: TUBO ACO GALVANIZADO COM COSTURA, CLASSE MEDIA, DN 2.1/2", E = *3,65* MM, PESO *6,51* KG/M (NBR 5580) | D25: Material | E25: M | F25: 289,8810000 | H25: 115,37 | J25: 33.443,57 | L25: 33443.571 | M25: 3,29% | N25: 336813.17 | O25: 33,12%
A26: 00006111 | B26: SINAPI | C26: SERVENTE DE OBRAS (HORISTA) | D26: Mão de Obra | E26: H | F26: 1.174,7941359 | H26: 27,16 | J26: 31.907,41 | L26: 31907.409 | M26: 3,14% | N26: 368720.58 | O26: 36,26%
A27: 00004783 | B27: SINAPI | C27: PINTOR (HORISTA) | D27: Mão de Obra | E27: H | F27: 781,9179063 | H27: 37,48 | J27: 29.306,28 | L27: 29306.283 | M27: 2,88% | N27: 398026.86 | O27: 39,14%
A28: 050378 | B28: SBC | C28: LUMINARIA LUZ EMERGENCIA LED 400 LUMENS FAROIS EMBUTIDOS P3 | D28: Material | E28: UN | F28: 124,0000000 | H28: 220,95 | J28: 27.397,80 | L28: 27397.8 | M28: 2,69% | N28: 425424.66 | O28: 41,84%
A29: 00000867 | B29: SINAPI | C29: CABO DE COBRE NU 50 MM2 MEIO-DURO | D29: Material | E29: M | F29: 388,5000000 | H29: 68,00 | J29: 26.418,00 | L29: 26418 | M29: 2,60% | N29: 451842.66 | O29: 44,44%
A30: 036404 | B30: SBC | C30: ELETRODUTO GALVANIZADO (SEMI PESADO) NBR 5598 25mm 1" | D30: Material | E30: M | F30: 676,0000000 | H30: 37,12 | J30: 25.093,12 | L30: 25093.12 | M30: 2,47% | N30: 476935.78 | O30: 46,90%
... A421: 00041316 | B421: SINAPI | C421: PULVERIZADOR DE TINTA ELETRICO AIRLESS, VAZAO *2* L/MIN | D421: Material | E421: UN | F421: 0,0000375 | H421: 1,26 | J421: 0,00 | L421: 4.725e-05 | M421: 0,00% | N421: 1016615.1 | O421: 99,98%
L423: Totais por Tipo
L424: Equipamento | O424: R$ 21.208,94
L425: Equipamento para Aquisição Permanente | O425: R$ 1.135,50
L426: Mão de Obra | O426: R$ 374.433,96
L427: Material | O427: R$ 506.159,76
L428: Serviços | O428: R$ 0,00
L429: Taxas | O429: R$ 685,56
L430: Administração | O430: R$ 0,00
L431: Aluguel | O431: R$ 0,00
L432: Verba | O432: R$ 0,00
L433: Transporte | O433: R$ 0,00
L434: Encargos Complementares | O434: R$ 112.856,59
L435: Franquia | O435: R$ 127,33
L436: Outros | O436: R$ 7,50
K438: Total sem BDI | M438: 805360.96
K439: Total do BDI | M439: 211463.09
K440: Total Geral | M440: 1016824.1
A442: _______________________________________________________________ OTAVIANO CARAN Sócio/CEO/Proprietário
F443: Otaviano Caran
